Cogmind - Beta 16.1 @@@ ROGUE MODE // 2026.03.09 @ 13:33:45 Player: KURIIRI Result: Destroyed by P-80 Master with Gamma Rifle Performance ------------- Evolutions (9) 4500 Regions Visited (40) 8000 Robots Destroyed (635) 3175 Value Destroyed (27578) 27578 Prototype IDs (106) 2120 Alien Tech Used (1) 200 Bonus (26362) 26362 TOTAL SCORE: 71935 Bonus ------- High Alert Combat Kills 5117 Follower Combat Kills 3030 Hunted by Unchained 500 Entered Garrisons 800 Network Hubs Disabled 200 Aligned with FarCom 300 Acquired ECA 300 Met Zhirov 300 Met Warlord at Base 500 MAIN.C Attacked Warlord 500 Warlord Defense Kills 1834 Met R17 at Cetus 500 Met R17 at Research 2000 Met Warlord at Research 2000 Destroyed MAIN.C Guards 500 Met MAIN.C 5000 Destroyed MAIN.C Shell 5000 Met Warlord at Command 2000 Friendly Fire -4019 Cogmind --------- Core Integrity 0/1600 Matter 300/300 Energy 83/100 System Corruption 32% Temperature Cool (0) Movement Core (50) Location -1/Command Parts ------- > --- POWER (2) -------- (None) > --- PROPULSION (8) --- (None) > --- UTILITY (12) ----- Advanced Targeting Computer Experimental Targeting Computer Advanced Target Analyzer > --- WEAPON (3) ------- (None) > --- INVENTORY (5) ---- Antigrav Array Combat Linear Gravjet Compact HERF Cannon Advanced Micro-nuke Launcher Peak State ------------ > --- POWER ------------ Compact Particle Reactor Quantum Reactor > --- PROPULSION ------- Combat Antigrav System Combat Antigrav System Combat Antigrav System Antigrav Array Antigrav Array Combat Linear Gravjet > --- UTILITY ---------- Experimental Cooling System High-capacity Storage Unit Advanced Targeting Computer Experimental Targeting Computer Experimental Melee Analysis Suite Advanced Target Analyzer Core Analyzer Quantum Capacitor Advanced Transmission Jammer Centrium Medium Armor Plating Advanced Hacking Suite > --- WEAPON ----------- Enhanced Nova Cannon Advanced Micro-nuke Launcher Thunder Hammer > --- INVENTORY -------- Light Particle Reactor Advanced Heavy Siege Treads Advanced Heavy Siege Treads Antigrav Array Combat Linear Gravjet Improved Energy Well Improved Heavy Armor Plating Advanced Hacking Suite Improved System Shield Advanced Trap Extractor Vortex Rifle Compact HERF Cannon Compact HERF Cannon Enhanced Nova Cannon Improved Plasma Cutter [Rating: 195] Favorites ----------- Power Micro Nuclear Core Engine Improved Ion Engine Power Core Micro Nuclear Core Reactor Quantum Reactor Propulsion Gravmag Array Treads Light Treads Leg Aluminum Leg Wheel Armored Huge Wheel Hover Unit Gravmag Array Flight Unit Improved Flight Unit Utility High-capacity Storage Unit Device Improved Terrain Scanner Storage High-capacity Storage Unit Processor Advanced Targeting Computer Hackware Improved System Shield Protection Centrium Medium Armor Plating Weapon Plasma Sword Energy Gun Lightning Gun Energy Cannon Compact HERF Cannon Ballistic Gun Enhanced Autogun Ballistic Cannon Enhanced Gauss Cannon Launcher Advanced EMP Blaster Special Weapon Improved Plasma Cutter Impact Weapon Thunder Hammer Slashing Weapon Plasma Sword Special Melee Weapon Datajack Build | -11 -10 -10 -9 -9 -9 -8 -8 -8 -8 -8 -7 -7 -7 -7 -7 -6 -6 -6 -6 -6 -6 -6 -6 -6 -5 -5 -5 -5 -5 -5 -4 -4 -4 -4 -4 -3 -3 -2 -1 -1 ------- Run | Yrd Mat Min Mat Min Exi Min Mat Gar Mat Gar Fac Was Fac Gar Fac Fac Was Fac Gar Fac Ext Cet Arc Hub Fac Was Fac Upp Upp Zhi Pro Fac Upp Upp War Pro Res Res Acc Com Slots Evolved 18 | . . . 2 . . . 2 . . . 2 . . . . 2 . . . . . . . . 2 . . . . . . 2 . . . . 2 2 2 . Power 1 | . . . . . . . . . . . . . . . . . . . . . . . . . . . . . . . . 1 . . . . . . . . Propulsion 6 | . . . . . . . 1 . . . 1 . . . . 1 . . . . . . . . 1 . . . . . . . . . . . 1 1 . . Utility 10 | . . . 2 . . . 1 . . . 1 . . . . 1 . . . . . . . . 1 . . . . . . 1 . . . . 1 . 2 . Weapon 1 | . . . . . . . . . . . . . . . . . . . . . . . . . . . . . . . . . . . . . . 1 . . Parts Attached 356 | 1 12 . 29 . . 1 13 7 4 9 23 1 19 15 7 8 13 2 1 5 21 6 9 1 8 4 15 3 . 1 . 9 1 4 15 5 34 14 15 21 Power 38 | . 1 . 2 . . . 1 1 . . 4 . 4 3 1 1 . . . 1 4 . . . 1 . 1 . . . . . . 1 3 1 3 2 1 2 Engine 16 | . 1 . 2 . . . 1 1 . . . . 3 2 1 . . . . 1 1 . . . . . . . . . . . . 1 1 . . . . 1 Core 12 | . . . . . . . . . . . 4 . 1 1 . 1 . . . . 2 . . . 1 . 1 . . . . . . . 1 . . . . . Reactor 10 | . . . . . . . . . . . . . . . . . . . . . 1 . . . . . . . . . . . . . 1 1 3 2 1 1 Propulsion 96 | . 4 . 7 . . . 4 . 2 2 6 1 4 4 2 2 3 . . . 10 1 4 . 1 1 5 . . . . 3 1 1 6 1 9 2 6 4 Treads 34 | . 2 . 7 . . . 3 . . 2 2 1 1 1 1 . 2 . . . 9 . . . . . . . . . . . . . . . . . . 3 Leg . | . . . . . . . . . . . . . . . . . . . . . . . . . . . . . . . . . . . . . . . . . Wheel 14 | . 1 . . . . . 1 . 2 . 4 . 1 3 . 1 . . . . 1 . . . . . . . . . . . . . . . . . . . Hover 47 | . . . . . . . . . . . . . 2 . 1 1 1 . . . . 1 4 . 1 1 5 . . . . 3 1 1 6 1 9 2 6 1 Flight 1 | . 1 . . . . . . . . . . . . . . . . . . . . . . . . . . . . . . . . . . . . . . . Utility 131 | 1 1 . 9 . . 1 4 3 . 2 8 . 8 5 2 3 3 2 1 3 6 2 5 1 4 1 5 2 . 1 . 5 . 2 3 2 17 7 6 6 Device 45 | 1 . . 2 . . . . 1 . . 3 . 1 1 . . 3 . . . 1 . 2 1 4 1 3 2 . . . 2 . 2 2 . 8 3 2 . Storage 6 | . 1 . 1 . . . . . . . . . 1 . . . . . . . . . . . . . 1 . . . . . . . . 1 1 . . . Processor 25 | . . . 3 . . . 1 . . . 1 . . . . . . . . 2 . . . . . . 1 . . . . 3 . . 1 1 3 1 4 4 Hackware 17 | . . . . . . . 1 . . 1 . . . 1 1 . . 1 . . . . 3 . . . . . . . . . . . . . 4 3 . 2 Protection 38 | . . . 3 . . 1 2 2 . 1 4 . 6 3 1 3 . 1 1 1 5 2 . . . . . . . 1 . . . . . . 1 . . . Artifact . | . . . . . . . . . . . . . . . . . . . . . . . . . . . . . . . . . . . . . . . . . Weapon 91 | . 6 . 11 . . . 4 3 2 5 5 . 3 3 2 2 7 . . 1 1 3 . . 2 2 4 1 . . . 1 . . 3 1 5 3 2 9 Energy Gun 32 | . 3 . 2 . . . 4 1 . 1 2 . 1 1 1 2 2 . . . . 2 . . 1 . 1 . . . . . . . 1 . 1 . . 6 Energy Cannon 24 | . 2 . 1 . . . . . 2 4 . . 2 . . . 2 . . 1 . . . . 1 1 1 1 . . . 1 . . . . 1 1 2 1 Ballistic Gun 11 | . . . 6 . . . . . . . . . . 2 1 . . . . . 1 1 . . . . . . . . . . . . . . . . . . Ballistic Cannon 4 | . . . . . . . . . . . . . . . . . . . . . . . . . . . . . . . . . . . 1 1 . 1 . 1 Launcher 11 | . 1 . 2 . . . . . . . 2 . . . . . 1 . . . . . . . . 1 1 . . . . . . . . . 3 . . . Special Weapon 2 | . . . . . . . . . . . . . . . . . . . . . . . . . . . . . . . . . . . 1 . . . . 1 Impact Weapon 2 | . . . . . . . . 1 . . . . . . . . . . . . . . . . . . . . . . . . . . . . . 1 . . Slashing Weapon 4 | . . . . . . . . . . . 1 . . . . . 2 . . . . . . . . . 1 . . . . . . . . . . . . . Piercing Weapon . | . . . . . . . . . . . . . . . . . . . . . . . . . . . . . . . . . . . . . . . . . Special Melee Weapon 1 | . . . . . . . . 1 . . . . . . . . . . . . . . . . . . . . . . . . . . . . . . . . Unidentified Prototypes 45 | . 1 . 2 . . . 2 . . . 3 . 4 1 1 . 2 . . 2 1 3 . . . . 5 . . 2 . 1 . . 5 . 7 2 . 1 Parts Lost 108 | . 2 . 1 . . 1 2 3 . 7 4 . 7 8 2 2 . . 1 3 5 2 . . 3 . . 1 . . 1 . . . 1 8 7 . 5 32 Power 13 | . 1 . . . . . . 1 . . . . . 3 . . . . . . 1 . . . 1 . . . . . . . . . 1 1 . . . 4 Propulsion 26 | . . . . . . . . . . 2 2 . 3 . . 1 . . . 1 2 . . . 1 . . . . . . . . . . 3 3 . . 8 Utility 46 | . . . 1 . . 1 1 1 . 3 1 . 3 3 1 1 . . 1 2 2 1 . . 1 . . 1 . . 1 . . . . 2 4 . 5 10 Weapon 23 | . 1 . . . . . 1 1 . 2 1 . 1 2 1 . . . . . . 1 . . . . . . . . . . . . . 2 . . . 10 Highest Loss Streak 26 | . 1 . 1 . . 1 1 2 . 2 2 . 2 3 1 1 . . 1 1 2 2 . . 2 . . 1 . . 1 . . . 1 4 4 . 3 26 To Critical Strikes 2 | . . . . . . . . . . 1 . . . . . . . . . . . . . . . . . . . . . . . . . 1 . . . . Average Backups 16 | 6 8 14 15 20 19 19 18 17 17 16 17 17 17 15 15 17 16 15 15 15 15 15 17 18 17 17 17 18 18 17 18 18 18 18 18 17 17 17 15 12 Power 1 | 1 . 1 . . 1 2 1 . . 1 . . 2 2 1 1 1 1 1 1 . 1 1 1 . . . 1 1 1 1 1 1 2 2 2 1 1 1 . Propulsion 3 | 4 2 2 4 4 4 4 3 2 2 2 1 5 3 4 6 7 5 6 6 5 5 5 5 5 4 4 4 4 4 4 4 4 5 4 3 1 2 2 3 3 Utility 5 | . 1 3 4 10 8 7 7 6 6 5 5 6 6 5 4 4 4 4 4 4 3 2 3 4 5 5 6 7 7 7 7 7 7 6 6 6 6 6 5 3 Weapon 5 | 1 3 7 5 5 5 5 5 7 6 6 8 5 3 3 2 3 5 4 4 4 5 7 8 7 7 7 5 5 4 4 4 4 4 4 5 5 5 5 4 4 Tool/Special . | . . . . . . . . . . . . . . . . . . . . . . . . . . . . . . . . . . . . . . . . . Unused Backups 67 | . 10 . 6 . 2 . 3 3 1 . 9 4 . 2 1 . . 1 . 1 2 1 . . 2 4 3 . . . . . . . 1 1 6 3 . 1 Power 7 | . . . . . . . 2 . . . 1 . . . . . . . . . . . . . . . 1 . . . . . . . 1 . 2 . . . Propulsion 17 | . 4 . 1 . . . . . . . . 4 . 1 . . . 1 . 1 . . . . . 1 1 . . . . . . . . . 1 1 . 1 Utility 21 | . 2 . . . 2 . . 3 . . 5 . . 1 1 . . . . . . 1 . . 1 1 1 . . . . . . . . 1 2 . . . Weapon 22 | . 4 . 5 . . . 1 . 1 . 3 . . . . . . . . . 2 . . . 1 2 . . . . . . . . . . 1 2 . . Tool/Special . | . . . . . . . . . . . . . . . . . . . . . . . . . . . . . . . . . . . . . . . . . Average Slot Usage (%) 85 | . 98 100 99 100 100 99 99 88 90 81 91 78 78 76 78 68 79 79 77 77 84 86 85 86 78 80 83 88 83 90 87 80 84 83 89 92 80 77 80 73 Engine 3 | . 13 14 11 11 11 11 9 8 9 9 . . 5 5 7 4 . . . . . . . . . . . . . . . . . . 6 4 2 . . . Core 2 | . . . . . . . . . . . 6 7 . . . 1 6 6 6 6 3 6 6 6 4 . 4 5 5 5 5 5 5 4 1 5 1 . . . Reactor 1 | . . . . . . . . . . . . . . . . . . . . . 2 . . . . 5 . . . . . . . . . . 4 8 8 6 Treads 8 | . 23 28 19 11 11 11 17 21 19 19 10 10 7 4 11 9 5 6 6 6 13 9 2 . . . . . . . . . . . . . . . . 1 Wheel 4 | . . . 2 11 11 11 9 5 7 6 14 7 6 9 3 3 6 6 6 6 6 6 2 . . . . . . . . . . . . . . . . . Hover 8 | . . . . . . . . . . . . . . . . 4 5 6 6 4 . 4 13 20 22 21 25 29 29 29 29 21 21 21 23 25 21 16 21 19 Device 5 | . 14 14 11 . . . . 2 9 2 5 . . . . . 3 . . . 2 6 9 6 8 11 9 11 5 11 10 5 10 9 13 8 4 2 12 8 Storage 7 | . 14 14 11 11 11 11 9 9 9 9 7 7 7 7 7 6 6 6 6 6 6 6 6 6 5 5 5 5 5 5 5 5 5 5 5 5 4 4 4 3 Processor 8 | . . . 13 22 22 22 18 5 . . 6 7 7 7 7 6 6 6 6 11 8 6 6 6 5 5 5 5 5 5 5 11 10 10 10 12 10 8 14 18 Hackware 11 | . . . . . . . 8 9 9 10 15 15 15 13 18 13 13 19 13 13 13 13 16 20 17 17 17 17 17 17 17 15 15 15 15 11 11 18 7 4 Protection 6 | . . . 8 11 11 10 9 8 9 6 7 6 11 11 6 3 8 6 9 6 12 12 5 5 5 4 5 5 5 5 5 4 5 5 1 6 6 3 4 2 Energy Gun 3 | . 22 14 5 . . . 10 16 12 1 4 . . . . 6 8 6 2 2 3 2 6 6 . . . . . . . . . . . . . . . . Energy Cannon 3 | . 2 . 3 . . . . . 5 14 8 14 6 1 . . . . . 3 4 . . . . . . . . . . 4 4 4 3 3 2 3 4 3 Ballistic Gun 2 | . 1 . 12 21 22 21 6 . . . . . . 4 6 . . . . . . 3 . 1 . . . . . . . . . . . . . . . . Launcher 1 | . 1 14 . . . . . . . . . . . 1 . 1 1 . 3 1 2 6 . . . . . . . 2 . . . . . . . 3 . . Slashing Weapon 2 | . . . . . . . . . . . . . 5 6 6 4 2 6 6 5 1 . 4 4 5 5 5 5 5 5 5 5 5 5 4 5 4 2 . . Peak Build Rating 195 | 9 14 13 22 22 22 22 37 38 33 33 52 51 57 56 65 68 75 72 77 78 70 83 86 90 92 101 103 102 97 97 103 107 106 111 126 125 148 168 187 195 Average Rating 70 | 6 11 12 17 21 21 21 32 35 31 28 42 48 53 51 61 61 68 71 72 73 60 74 82 87 85 91 92 95 90 93 91 100 105 109 110 120 129 159 174 157 On Entrance 70 | 6 9 12 13 22 22 22 22 37 30 31 24 45 45 53 56 64 60 70 72 77 70 60 83 83 87 87 93 96 90 97 97 91 106 105 104 121 125 139 168 177 Avg Prop Armor Cover (%) 11 | . . . 5 9 9 9 17 12 12 12 13 13 11 12 12 13 8 14 12 12 13 10 9 . . . . 3 . . . . . . . 1 1 . 1 9 Naked Turns . | . . . . . . . . . . . . . . . . . . . . . . . . . . . . . . . . . . . . . . . . . Heaviest Build 112 | 13 33 33 55 55 54 54 63 71 75 75 73 67 102 77 73 75 77 73 82 82 86 74 73 71 64 64 66 62 65 65 62 71 67 71 73 72 91 104 104 112 Greatest Support 160 | 20 40 40 40 16 16 16 20 60 60 66 60 28 70 56 150 75 60 28 60 60 28 28 50 50 59 64 67 64 64 64 64 68 68 68 74 74 97 104 115 160 Greatest Overweight (x) 7 | . . . 3 3 3 3 3 4 7 4 4 2 3 2 2 2 2 2 2 2 3 2 2 1 1 1 1 1 1 1 . 1 . 1 1 2 2 . 1 1 Average Overweight (x) . | . . . . 3 3 3 2 2 3 3 1 1 2 1 . . 1 2 1 1 2 2 1 1 . . . . . . . . . . . . . . . . Largest Inventory Capacity 20 | 8 15 15 20 20 20 20 20 20 20 20 20 20 20 20 20 20 20 20 20 20 20 20 20 20 20 20 20 20 20 20 20 20 20 20 20 20 20 20 20 20 Average Capacity 19 | 8 13 15 16 20 20 20 20 20 20 20 20 20 20 20 20 20 20 20 20 20 20 20 20 20 20 20 20 20 20 20 20 20 20 20 20 20 20 20 20 17 Most Carried 20 | 6 13 15 20 20 20 20 20 20 20 20 20 20 20 20 20 20 20 20 20 20 20 19 20 20 20 20 20 20 20 20 20 20 20 20 20 20 20 20 20 20 Average Carried 18 | 6 8 14 15 20 19 19 18 19 18 16 18 19 19 18 19 19 19 19 20 19 19 18 19 19 19 19 19 19 19 18 19 19 19 19 19 18 19 19 19 15 Final Capacity 20 | 8 15 15 20 20 20 20 20 20 20 20 20 20 20 20 20 20 20 20 20 20 20 20 20 20 20 20 20 20 20 20 20 20 20 20 20 20 20 20 20 5 Final Carried 20 | 6 13 15 20 20 20 20 20 16 20 14 20 20 20 20 20 20 18 20 20 20 19 19 20 20 19 20 19 20 18 20 20 20 20 20 20 16 20 20 20 5 Class Distribution -------------------- 40% | Hacker-Mutant 22% | Mutant 13% | Hacker-Scout 6% | Scavenger-Mutant 3% | Scientist-Mutant 3% | Trapper-Mutant Dominant Class ---------------- Mutant | -10/Materials Mutant | -10/Mines Scavenger-Mutant | -9/Materials Mutant | -9/Mines Mutant | -9/Exiles Mutant | -8/Mines Mutant | -8/Materials Mutant | -8/Garrison Mutant | -8/Materials Mutant | -8/Garrison Hacker-Mutant | -7/Factory Hacker-Mutant | -7/Waste Hacker-Mutant | -7/Factory Hacker-Mutant | -7/Garrison Hacker-Mutant | -7/Factory Hacker-Mutant | -6/Factory Hacker-Mutant | -6/Waste Hacker-Mutant | -6/Factory Hacker-Mutant | -6/Garrison Hacker-Mutant | -6/Factory Hacker-Mutant | -6/Extension Hacker-Mutant | -6/Cetus Hacker-Mutant | -6/Archives Hacker-Assassin | -6/Hub_04(d) Hacker-Scout | -5/Factory Hacker-Scout | -5/Waste Hacker-Scout | -5/Factory Hacker-Sprinter | -5/Upper Caves Hacker-Sprinter | -5/Upper Caves Hacker-Mutant | -5/Zhirov Hacker-Sprinter | -4/Proximity Caves Hacker-Scout | -4/Factory Hacker-Scout | -4/Upper Caves Hacker-Mutant | -4/Upper Caves Hacker-Scout | -4/Warlord Scavenger-Scout | -3/Proximity Caves Hacker-Mutant | -3/Research Hacker-Mutant | -2/Research Trapper-Mutant | -1/Access Trapper-Mutant | -1/Command Resources | -11 -10 -10 -9 -9 -9 -8 -8 -8 -8 -8 -7 -7 -7 -7 -7 -6 -6 -6 -6 -6 -6 -6 -6 -6 -5 -5 -5 -5 -5 -5 -4 -4 -4 -4 -4 -3 -3 -2 -1 -1 ----------- Run | Yrd Mat Min Mat Min Exi Min Mat Gar Mat Gar Fac Was Fac Gar Fac Fac Was Fac Gar Fac Ext Cet Arc Hub Fac Was Fac Upp Upp Zhi Pro Fac Upp Upp War Pro Res Res Acc Com Matter Collected 10205 | 286 325 69 719 . . 249 329 105 60 220 565 30 298 409 290 167 160 50 210 193 507 189 199 144 95 80 426 61 . 111 88 482 373 362 477 180 587 363 262 485 Remotely . | . . . . . . . . . . . . . . . . . . . . . . . . . . . . . . . . . . . . . . . . . Salvage Created 28458 | 238 645 104 1661 21 . 215 758 949 448 1313 1881 497 1214 2328 523 765 226 87 1064 1501 1142 293 655 244 354 . 941 . 71 111 52 720 341 267 655 252 1495 1953 1018 1456 Parts 1333 | 20 33 5 105 4 . 16 45 45 26 61 92 9 64 87 37 35 3 7 35 69 30 12 42 22 15 . 40 . 5 1 7 35 24 17 12 7 75 79 58 54 Haulers Intercepted 16 | . 2 . 2 . . . 3 . 2 . . . 1 . . . . . . . . . . . 1 . 1 . . . . . . . . . 4 . . . Recyclers Shooed 12 | . . . 2 . . 2 . . . . . . . . . 1 . . . 2 1 . . 1 . . . . . . . 1 . . . . 2 . . . Parts Field Recycled . | . . . . . . . . . . . . . . . . . . . . . . . . . . . . . . . . . . . . . . . . . Retrieved Matter . | . . . . . . . . . . . . . . . . . . . . . . . . . . . . . . . . . . . . . . . . . Parts Self-Destructed 35 | . . . . . . . . . . . . . . . . . . . . . . . . . . . . . 4 1 5 . 11 10 . 4 . . . . Prevented 17 | . . . . . . . . . . . . . . . . . . . . . . . . . . . . . . . . . 9 6 . 2 . . . . Parts Restored 6 | . . . . . . . . . . . . . . . . . 3 . . . 1 . . . . 2 . . . . . . . . . . . . . . Broken 6 | . . . . . . . . . . . . . . . . . 3 . . . 1 . . . . 2 . . . . . . . . . . . . . . Kills | -11 -10 -10 -9 -9 -9 -8 -8 -8 -8 -8 -7 -7 -7 -7 -7 -6 -6 -6 -6 -6 -6 -6 -6 -6 -5 -5 -5 -5 -5 -5 -4 -4 -4 -4 -4 -3 -3 -2 -1 -1 ------- Run | Yrd Mat Min Mat Min Exi Min Mat Gar Mat Gar Fac Was Fac Gar Fac Fac Was Fac Gar Fac Ext Cet Arc Hub Fac Was Fac Upp Upp Zhi Pro Fac Upp Upp War Pro Res Res Acc Com Combat Hostiles Destroyed 449 | . 13 6 31 4 . 6 10 19 3 25 36 2 20 27 15 10 . 1 18 21 17 3 3 5 3 . 13 . 5 . 6 16 12 11 14 8 9 20 10 27 Melee 50 | . . . . . . . . . . 1 . . 15 4 1 2 . . 6 5 2 . . . 3 . 3 . . . . 2 1 . . 1 2 1 . 1 Guns 101 | . 13 . 17 . . 2 9 12 3 3 7 . . 7 14 . . 1 2 2 1 . 3 2 . . . . . . . . . . 2 . . . . 1 Cannons 64 | . . . 5 . . . . . . 12 10 2 5 . . . . . . 3 4 . . . . . 1 . . . . . . 4 1 2 . 4 6 5 AOE 173 | . . 6 9 4 . 4 1 1 . 1 9 . . 13 . 5 . . 10 6 10 . . 3 . . 9 . 5 . 6 13 9 7 11 4 6 4 . 17 Classes Destroyed 24 | 2 6 . 3 . . . . . . 3 1 1 . 1 . . . . 1 1 . . . . . . . . . . 1 . . . . . 1 3 . . Worker 37 | . . . 1 . . . 3 . . . 1 . 2 . . 2 . 1 . 2 2 . . 5 . . 2 . . . . . . . . . 5 5 2 4 Builder 24 | . 1 . 1 . . . . . 1 . 4 . . . 1 1 . . . 3 . . . . . . 3 . . . . 2 . . . . 4 1 2 . Tunneler 22 | 9 . . . . . 3 1 . . . 1 . . . . . . . . 2 . . . . 1 . . . . . . 1 . . . . . 1 3 . Hauler 16 | . 2 . 2 . . . 3 . 2 . . . 1 . . . . . . . . . . . 1 . 1 . . . . . . . . . 4 . . . Recycler 18 | 1 . 1 3 . . . 1 . 1 . 1 . 1 . . 1 . . . . 2 . . . . . 3 . . . . 1 . . . . . 1 . 1 Mechanic 4 | . . . . . . . . . . . . . . . . . . . 1 . . . . . . . 1 . . . . 1 . . 1 . . . . . Operator 18 | . 1 . . . . . . . . . 1 . 1 . 1 . . . . . 1 . 7 . . . . . . . . . . . . . 4 1 . 1 Drone 2 | . . . . . . . . . . . . . . . . . . . . . . . . . . . . . . . 2 . . . . . . . . . Watcher 38 | . 3 . 4 . . . 4 . 2 . 2 . 2 . . . . . . 1 1 2 . 2 2 . 2 . . . . 4 . . . . 2 1 3 1 Swarmer 130 | . 3 6 7 4 . . 5 4 . . 7 . 3 14 6 3 . . 2 . 3 . . 4 . . 5 . 5 . 4 13 9 6 . 5 2 4 . 6 Saboteur 4 | . . . . . . . . . . . . . . . . . . . . 1 1 . . . . . . . . . . . . . 1 . . . . 1 Grunt 157 | . 10 . 13 . . 5 2 10 1 12 14 . 6 7 5 3 . 1 7 13 6 . . . 1 . 6 . . . . . . 3 11 . 4 9 1 7 Brawler 16 | . . . 2 . . 1 1 . 1 2 2 . . . 1 1 . . 1 2 . . . . . . . . . . . . . . 1 . . . . 1 Duelist 3 | . . . . . . . . . . 1 1 . . . . . . . . . . . . . . . . . . . . . . 1 . . . . . . Protector 1 | . . . . . . . . . . . 1 . . . . . . . . . . . . . . . . . . . . . . . . . . . . . Sentry 63 | . . . 10 . . . 2 5 1 2 2 . 3 3 2 2 . . 4 2 7 . 3 1 2 . . . . . . 1 1 1 . 1 3 . 1 4 Specialist 3 | . . . . . . . . . . . . . . 1 . . . . 1 . . . . . . . . . . . . . . . 1 . . . . . Hunter 18 | . . . . . . . . . . 2 . . 2 2 . . . . 2 . . . . . . . . . . . . . 2 . . 2 . 2 2 2 Programmer 42 | . . . . . . . . . . 6 9 . 6 . 1 1 . . 1 3 . . . . . . 2 . . . . 2 . . . . . . 6 5 Behemoth 2 | . . . . . . . . . . . . . . . . . . . . . . . . . . . . . . . . . . . . . . 1 . 1 Compactor 2 | . . . . . . . . . . . . 2 . . . . . . . . . . . . . . . . . . . . . . . . . . . . Cetus Guard 3 | . . . . . . . . . . . . . . . . . . . . . . 3 . . . . . . . . . . . . . . . . . . Striker 3 | . . . . . . . . . . . . . . . . . . . . . . . . . . . . . . . . . . . . . . 3 . . Savage 2 | . . . . . . . . . . . . . . . . . . . . . 1 . 1 . . . . . . . . . . . . . . . . . Butcher 1 | . . . . . . . . . . . . . . . . . . . . . 1 . . . . . . . . . . . . . . . . . . . Guerrilla 3 | . . . . . . . . . . . . . . . . . . . . . 1 . 2 . . . . . . . . . . . . . . . . . Mutant 1 | . . . . . . . . . . . . . . . . . . . . . . . . . . . . . . . . . . . . . . 1 . . Revision 1 | . . . . . . . . . . . . . . . . . . . . . . . . . . . . . . . . . . . . . 1 . . . Best Kill Streak 12 | 4 5 5 6 4 . 4 6 3 2 3 9 1 4 5 5 11 . 1 3 6 6 4 4 9 4 . 7 . 5 . 4 5 5 4 12 5 6 11 5 10 Combat Bots Only 12 | . 3 5 4 4 . 3 5 3 2 4 8 1 3 5 3 5 . 1 3 5 4 3 3 4 1 . 5 . 5 . 4 5 5 4 12 5 2 7 2 7 Max Kills in Single Turn 6 | 1 1 3 3 3 . 2 2 1 1 1 3 1 1 2 1 2 . 1 2 6 4 1 1 4 1 . 4 . 4 . 3 3 3 4 3 2 3 3 3 4 Gunslinging 1 | . . . 1 . . . . . . . . . . . . . . . . . . . . . . . . . . . . . . . . . . . . . Exploded 5 | . . 3 3 3 . 1 1 1 . 1 3 . . 2 . 2 . . 2 5 4 . . 3 . . 4 . 4 . 3 3 3 4 3 2 2 2 . 4 Melee 1 | . . . . . . . . . . 1 . . 1 1 1 1 . . 1 1 1 . . . 1 . 1 . . . . 1 1 . . 1 1 1 . 1 Uniques/NPCs Destroyed 1 | . . . . . . . . . . . . . . . . . . . . . . . . . . . . . . . . . . . . . 1 . . . Revision 17++ (-3/Research) Combat | -11 -10 -10 -9 -9 -9 -8 -8 -8 -8 -8 -7 -7 -7 -7 -7 -6 -6 -6 -6 -6 -6 -6 -6 -6 -5 -5 -5 -5 -5 -5 -4 -4 -4 -4 -4 -3 -3 -2 -1 -1 -------- Run | Yrd Mat Min Mat Min Exi Min Mat Gar Mat Gar Fac Was Fac Gar Fac Fac Was Fac Gar Fac Ext Cet Arc Hub Fac Was Fac Upp Upp Zhi Pro Fac Upp Upp War Pro Res Res Acc Com Hostile Shots Fired 2701 | . 64 4 82 2 . 12 52 86 4 103 177 2 230 332 135 61 . 1 168 173 225 29 15 32 42 . 13 1 31 . 5 21 33 15 10 53 135 55 35 263 Missed 842 | . 12 1 24 1 . 7 13 35 . 23 63 . 80 98 33 21 . . 57 47 58 11 2 10 13 . 5 . 11 . 1 7 12 4 5 19 60 23 14 72 Hits 1859 | . 52 3 58 1 . 5 39 51 4 80 114 2 150 234 102 40 . 1 111 126 167 18 13 22 29 . 8 1 20 . 4 14 21 11 5 34 75 32 21 191 Melee 15 | . . . 1 . . . . 1 . . 2 2 . . 1 . . . . 3 . . . . . . . . . . . . . . . . . . . 5 Projectile 1844 | . 52 3 57 1 . 5 39 50 4 80 112 . 150 234 101 40 . 1 111 123 167 18 13 22 29 . 8 1 20 . 4 14 21 11 5 34 75 32 21 186 AOE 14 | . . . . . . . . . . . . . . . . . . . 3 . . . . . 2 . 1 . . . . . . . . . . 2 . 6 Critical Strikes 66 | . 2 . . . . 1 2 2 . 7 5 . 3 1 4 . . . 2 5 1 4 . . 2 . 1 . . . . . . 1 . 3 3 1 1 15 Part Disruptions 6 | . . . . . . . . . . 2 . . . . . . . . . . . . . . . . 1 . . . . . . . . . . . . 3 Damage Taken 31792 | . 575 35 780 6 . 83 448 844 58 1179 1556 94 1849 2327 1157 521 . 20 1474 2213 1756 545 327 351 720 . 258 18 132 . 62 333 367 217 255 596 1723 942 974 6997 Core 3918 | . 118 . 128 . . . 7 54 . 49 136 . 164 169 140 38 . 20 118 243 142 59 47 10 211 . 4 . . . 15 18 38 34 87 67 161 39 25 1577 Absorbed by Shields 114 | . . . . . . . . . . 44 . . . . . . . . . . 70 . . . . . . . . . . . . . . . . . . . Reduced by Siege Mode 802 | . . . . . . . . . . . . . . . 62 14 . . 10 28 62 . . . . . . . . . . . . . . . . . . 626 Regen/Repaired (Parts) 5231 | . 112 . . . . . 133 . . . . . 104 . . . 373 . 788 1031 . . . . . . 757 . . . . 290 . . 144 . 562 417 520 . Core Remaining (%) 67 | 100 . 52 . . . 68 . . . 80 . . . . 13 . . . . . . . . 20 . . . . . . 77 . . . . 78 87 97 . . Volleys Fired 1196 | 38 50 6 86 3 . 19 39 87 15 108 107 24 20 34 41 16 . 2 49 44 55 11 13 20 1 . 10 . 2 . 4 19 24 15 26 15 18 49 34 92 Largest 2 | 2 2 1 2 2 . 2 2 2 2 2 2 2 1 2 1 2 . 1 1 2 2 2 2 2 1 . 1 . 1 . 1 1 1 1 1 1 1 1 1 2 Hottest 214 | 40 112 56 112 50 . 50 110 110 110 160 160 160 80 80 80 100 . 80 80 126 170 116 115 115 90 . 94 . 80 . 80 94 94 94 94 98 94 94 120 214 Shots Fired 1657 | 76 98 6 155 4 . 25 76 163 30 151 164 48 21 36 41 19 . 2 49 47 73 11 16 32 1 . 10 . 2 . 4 19 24 15 26 16 18 49 34 96 Gun 911 | 76 98 1 123 2 . 19 75 163 30 45 66 . . 16 41 6 . 2 19 16 23 1 16 31 . . . . . . . . . . 15 . . 3 . 24 Cannon 495 | . . . 20 . . . . . . 106 80 48 21 1 . . . . . 14 41 . . . 1 . 2 . . . . 11 8 8 5 11 6 24 32 56 Launcher 249 | . . 5 12 2 . 6 1 . . . 18 . . 19 . 13 . . 30 17 9 10 . 1 . . 8 . 2 . 4 8 16 7 6 5 12 22 2 14 Special 2 | . . . . . . . . . . . . . . . . . . . . . . . . . . . . . . . . . . . . . . . . 2 Kinetic 288 | 76 . . 58 2 . 19 34 . . . . . . 16 37 . . . . . . . 13 16 . . . . . . . . . . 16 . . . . 1 Thermal 630 | . 98 1 85 . . . 33 . . 36 133 48 14 1 4 . . 2 1 14 61 1 3 15 1 . . . . . . . . . . 5 . . 23 51 Explosive 105 | . . 5 12 2 . 6 1 . . . . . . . . . . . . . 6 . . 1 . . 8 . 2 . 4 8 16 7 6 5 2 . . 14 Electromagnetic 616 | . . . . . . . 8 163 30 115 31 . 7 19 . 19 . . 48 33 6 10 . . . . 2 . . . . 11 8 8 4 6 16 46 11 15 Entropic 18 | . . . . . . . . . . . . . . . . . . . . . . . . . . . . . . . . . . . . . . 3 . 15 Robot Hit Streak 30 | 10 10 . 12 . . 6 8 10 11 22 21 9 9 8 17 7 . 13 14 16 9 3 11 12 . . 4 . . . 5 10 9 8 10 4 4 12 17 30 Robot Miss Streak 11 | 2 6 1 3 . . 2 2 6 1 3 6 1 1 9 11 3 . . 2 2 3 1 1 1 . . . . . . . 2 1 1 4 2 1 2 1 3 Penetration Max 1 | . . . . . . . . . . . . . . . . . . . . . . . 1 1 . . . . . . . . . . 1 . . . . . Secondary Targets 8 | . 1 . 3 . . . 2 . 1 . 1 . . . . . . . . . . . . . . . . . . . . . . . . . . . . . Max Gunslinging Chain 1 | . 1 . 1 . . . 1 . 1 . 1 . . . . . . . . . . . . . . . . . . . . . . . . . . . . . Capacitor 71 | . . . . . . . . . . . . . . . . . . . . . . . . . . . . . . . . . . . . . . . 26 45 Shots Hit Robots 1414 | 56 55 . 94 . . 15 52 78 23 83 116 40 67 100 49 14 26 3 41 56 62 3 28 22 26 . 36 . . 3 1 21 12 6 15 8 41 34 32 96 Core Hits 1058 | 19 23 7 55 3 . 20 27 31 12 29 66 11 28 67 63 23 1 5 39 86 55 13 13 16 11 . 29 . 7 1 6 19 16 20 35 11 50 53 13 75 Critical Kills 10 | . . . 1 . . . . . . . 3 . . . . . . . . . 1 . 2 . . . . . . . . . . . 1 . . . 2 . Critical Parts Destroyed 13 | . . . 1 . . . . . . . . . . . . . . . . . . . 2 . . . . . . . . . . . 3 . . . 1 6 Critical Strikes 80 | . 5 . 6 . . . 2 2 2 2 5 . 10 7 1 . 1 . 3 3 3 . 5 . 2 . 2 . . . . 1 . . 4 1 2 . 3 8 Burn 14 | . 5 . 4 . . . 2 . . . 2 . . . . . . . . . . . . . . . . . . . . . . . . . . . . 1 Meltdown 5 | . . . 1 . . . . . . . 3 . . . . . . . . . 1 . . . . . . . . . . . . . . . . . . . Destroy 9 | . . . 1 . . . . . . . . . . . . . . . . . . . 4 . . . . . . . . . . . 4 . . . . . Corrupt 8 | . . . . . . . . 2 2 2 . . . . . . . . . 1 . . . . . . . . . . . . . . . . . . . 1 Smash 8 | . . . . . . . . . . . . . . . . . . . . . . . . . . . . . . . . . . . . . . . 3 5 Sever 35 | . . . . . . . . . . . . . 10 7 1 . 1 . 3 2 2 . 1 . 2 . 2 . . . . 1 . . . 1 2 . . . Detonate 1 | . . . . . . . . . . . . . . . . . . . . . . . . . . . . . . . . . . . . . . . . 1 Melee Attacks 774 | . . . . . . . . 7 1 4 7 3 74 121 18 13 26 4 55 47 16 . 15 9 40 . 75 6 4 3 4 29 5 8 4 6 59 41 43 27 Impact 91 | . . . . . . . . 6 1 4 . . . . . . . . . . . . . . . . . . . . . . . . . . . 10 43 27 Slashing 682 | . . . . . . . . . . . 7 3 74 121 18 13 26 4 55 47 16 . 15 9 40 . 75 6 4 3 4 29 5 8 4 6 59 31 . . Piercing . | . . . . . . . . . . . . . . . . . . . . . . . . . . . . . . . . . . . . . . . . . Sneak Attacks 68 | . . . . . . . . 1 . . 1 . 5 1 2 . . 1 1 1 . . 14 2 4 . 10 . . . . 3 . . 1 . 13 2 3 3 Combat Hostiles 1 | . . . . . . . . . . . . . . . 1 . . . . . . . . . . . . . . . . . . . . . . . . . Follow-up Attacks . | . . . . . . . . . . . . . . . . . . . . . . . . . . . . . . . . . . . . . . . . . Damage Inflicted 76281 | 465 981 414 2145 317 . 790 1214 1834 595 2331 4493 1068 2403 5742 1374 1199 977 158 2707 4018 3692 917 1762 1124 1224 . 3575 . 333 279 427 2289 1451 1391 2919 1118 5038 3625 2113 7779 Guns 12180 | 465 830 15 1221 . . 189 1005 1563 538 520 1091 . . 198 844 91 . 68 266 413 579 . 370 557 . . . . . . . . . . 391 . . 157 . 809 Cannons 11375 | . . . 322 . . . . . . 1471 1597 1068 479 . . . . . . 339 725 . . . . . 88 . . . . 484 260 224 154 207 212 706 1314 1725 Explosions 32174 | . 151 382 602 317 . 601 209 271 57 148 1699 . . 1530 112 928 . . 1442 2332 1992 917 . 405 . . 1556 . 333 . 427 1269 976 1167 2283 798 2592 2437 328 3913 Melee 20448 | . . . . . . . . . . 192 106 . 1924 4014 418 180 977 90 999 888 396 . 1392 135 1224 . 1931 . . 279 . 536 215 . 91 113 2234 325 471 1318 Ramming 90 | . . 17 . . . . . . . . . . . . . . . . . 46 . . . 27 . . . . . . . . . . . . . . . . Kinetic 3640 | 465 . . 613 . . 189 388 . . . . . . 198 756 . . . . . . . 276 336 . . . . . . . . . . 391 . . . . 28 Thermal 14529 | . 830 72 930 127 . . 480 271 57 721 2505 1068 328 218 143 231 . 68 60 460 1298 . 94 221 . . . . . . . . . 186 132 67 887 243 984 1848 Explosive 17105 | . 151 325 602 190 . 601 209 . . . 633 . . . 57 . . . . . 1743 . . 405 . . 1521 . 333 . 427 1269 976 981 2151 798 322 . . 3411 Electromagnetic 19603 | . . . . . . . 137 1563 538 1418 1249 . 151 1312 . 788 . . 1648 2624 255 917 . . . . 123 . . . . 484 260 224 154 140 1595 2900 658 465 Impact 1981 | . . . . . . . . . . 192 . . . . . . . . . . . . . . . . . . . . . . . . . . . . 471 1318 Slashing 18467 | . . . . . . . . . . . 106 . 1924 4014 418 180 977 90 999 888 396 . 1392 135 1224 . 1931 . . 279 . 536 215 . 91 113 2234 325 . . Piercing . | . . . . . . . . . . . . . . . . . . . . . . . . . . . . . . . . . . . . . . . . . Entropic 866 | . . . . . . . . . . . . . . . . . . . . . . . . . . . . . . . . . . . . . . 157 . 709 Highest Corruption 30 | . . . . . . . . . . 3 3 . 8 3 4 . . . . 6 9 9 9 . . . 2 2 2 2 2 . . . 2 2 . . 12 30 Average Corruption 4 | . . . . . . . . . . 1 2 . 3 3 3 . . . . 3 6 9 6 . . . 1 2 2 2 2 . . . 1 2 . . 10 15 Corruption Purged 23 | . . . . . . . . . . . 4 . 5 . . . . . . . . . 9 . . . . . . . . . . . . . . . 5 . Corruption Blocked . | . . . . . . . . . . . . . . . . . . . . . . . . . . . . . . . . . . . . . . . . . Effects 299 | . . . . . . . . . . 6 36 . 33 17 21 . . . . 21 50 11 9 . . . 6 11 4 2 3 . . . . 8 . . 19 42 Message Errors 88 | . . . . . . . . . . 4 6 . 10 7 8 . . . . 6 11 3 4 . . . 1 4 3 . . . . . . 1 . . 6 14 Matter Fused 66 | . . . . . . . . . . . 8 . 4 4 6 . . . . 3 13 2 3 . . . 1 3 . 1 2 . . . . . . . 5 11 Heat Flow Errors 34 | . . . . . . . . . . . 5 . 4 3 2 . . . . 2 7 3 . . . . 1 . . . . . . . . . . . 3 4 Energy Discharges 28 | . . . . . . . . . . 1 5 . 3 . 1 . . . . 2 4 1 . . . . 3 . 1 1 1 . . . . 1 . . 2 2 Parts Rejected 8 | . . . . . . . . . . . 1 . . . 1 . . . . . 2 1 1 . . . . . . . . . . . . . . . . 2 Data Loss (minor) 29 | . . . . . . . . . . 1 4 . 7 . 1 . . . . 3 5 . . . . . . 2 . . . . . . . 2 . . . 4 Data Loss (major) 14 | . . . . . . . . . . . . . 3 2 2 . . . . 1 2 . . . . . . 2 . . . . . . . 1 . . . 1 Misfires 13 | . . . . . . . . . . . 3 . 1 1 . . . . . 2 4 . . . . . . . . . . . . . . 1 . . 1 . Alerts 10 | . . . . . . . . . . . 2 . 1 . . . . . . 2 1 . . . . . . . . . . . . . . 2 . . . 2 Misdirections 3 | . . . . . . . . . . . . . . . . . . . . . . . . . . . . . . . . . . . . . . . 1 2 Weapon Failures 6 | . . . . . . . . . . . 2 . . . . . . . . . 1 1 1 . . . . . . . . . . . . . . . 1 . Overload Shots . | . . . . . . . . . . . . . . . . . . . . . . . . . . . . . . . . . . . . . . . . . Overflow Damage 4164 | . 3 46 21 43 . . . . . 45 97 . 159 59 129 23 . . 40 128 60 15 354 66 31 . 397 . 35 159 . 296 64 86 89 42 422 121 377 757 Projectiles 330 | . . . 15 . . . . . . 37 54 . . . . . . . . 31 8 . . . . . . . . . . 43 . 15 . . 6 . 83 38 Explosions 951 | . 3 46 6 43 . . . . . . 43 . . 11 47 23 . . . 44 52 15 . 11 . . 91 . 35 . . 140 64 71 33 42 46 . . 85 Melee 2883 | . . . . . . . . . . 8 . . 159 48 82 . . . 40 53 . . 354 55 31 . 306 . . 159 . 113 . . 56 . 370 121 294 634 Knockbacks 11 | . . . . . . . . . . 2 . . . . . . . . . . . . . . . . . . . . . . . . . . . . 2 7 Impact 11 | . . . . . . . . . . 2 . . . . . . . . . . . . . . . . . . . . . . . . . . . . 2 7 Kinetic . | . . . . . . . . . . . . . . . . . . . . . . . . . . . . . . . . . . . . . . . . . Secondary . | . . . . . . . . . . . . . . . . . . . . . . . . . . . . . . . . . . . . . . . . . Self-Inflicted Damage 858 | . . 11 40 . . . . 39 . 21 . . . 18 . 63 . . 73 197 127 17 . 13 . . 32 . . . . 41 . . . . 31 . 54 81 Shots 31 | . . 1 1 . . . . 1 . 1 . . . 1 . 1 . . 4 9 4 1 . . . . 2 . . . . 2 . . . . 1 . 1 1 Rammed 6 | . . 3 1 . . . . . . . . . . . . . . . . 1 . . . 1 . . . . . . . . . . . . . . . . Targets Rammed 6 | . . 3 1 . . . . . . . . . . . . . . . . 1 . . . 1 . . . . . . . . . . . . . . . . Kicked . | . . . . . . . . . . . . . . . . . . . . . . . . . . . . . . . . . . . . . . . . . Crushed . | . . . . . . . . . . . . . . . . . . . . . . . . . . . . . . . . . . . . . . . . . Highest Temperature 442 | . 393 16 99 10 . 38 246 420 105 406 359 372 230 141 175 42 . 80 342 283 384 225 55 324 2 . 271 232 137 51 . 30 12 12 20 355 60 77 442 315 Average Temperature 91 | . 124 12 30 7 . 12 75 115 34 112 92 155 69 57 49 18 . 45 110 91 105 105 27 139 1 . 58 95 49 24 . 8 7 6 9 62 20 30 111 103 Received Heat Transfer 5467 | . 270 . 270 . . 63 108 342 18 486 333 . 213 252 423 138 . 9 303 480 328 9 54 21 207 . . 9 . . . 18 27 33 9 425 250 81 18 270 Effects 27 | . 7 . . . . . . 3 . 2 4 1 . . . . . . . 1 2 . . 1 . . . 4 . . . . . . . . . . 1 1 Shutdowns 5 | . 1 . . . . . . 1 . 1 . . . . . . . . . . 1 . . . . . . . . . . . . . . . . . 1 . Energy Bleed 7 | . 1 . . . . . . . . . 1 1 . . . . . . . 1 . . . 1 . . . 2 . . . . . . . . . . . . Interference 12 | . 5 . . . . . . . . 1 3 . . . . . . . . . . . . . . . . 2 . . . . . . . . . . . 1 Short Circuit 3 | . . . . . . . . 2 . . . . . . . . . . . . 1 . . . . . . . . . . . . . . . . . . . Siege Activations 12 | . . . . . . . . . . . . . . . 4 2 . . 2 2 1 . . . . . . . . . . . . . . . . . . 1 Total Turns 202 | . . . . . . . . . . . . . . . 32 10 . . 27 53 37 . . . . . . . . . . . . . . . . . . 43 Longest Duration 43 | . . . . . . . . . . . . . . . 16 6 . . 14 34 37 . . . . . . . . . . . . . . . . . . 43 Martial Activations . | . . . . . . . . . . . . . . . . . . . . . . . . . . . . . . . . . . . . . . . . . Shielding Activations . | . . . . . . . . . . . . . . . . . . . . . . . . . . . . . . . . . . . . . . . . . Robots Disrupted 8 | . . . . . . . . 2 . . . . . . . . . . . 4 . . . . . . . . . . . . . . . . . 2 . . Combat Hostiles 7 | . . . . . . . . 2 . . . . . . . . . . . 3 . . . . . . . . . . . . . . . . . 2 . . Robots Corrupted 67 | . . . . . . . . 6 . 8 5 . . 6 . 3 . . . 6 . 3 . . . . . . . . . 2 2 . . 1 1 11 7 6 Combat Hostiles 56 | . . . . . . . . 6 . 8 5 . . 3 . 3 . . . 5 . 3 . . . . . . . . . 1 2 . . 1 1 11 4 3 Parts Fried 104 | . . . . . . . . 5 7 13 7 . 2 4 . 4 . . 4 12 . 1 . . . . 2 . . . . 5 2 . . 1 3 11 11 10 Impact Corruptions 22 | . . . . . . . . . . 1 . . . . . . . . . . . . . . . . . . . . . . . . . . . . 8 13 Robots Melted 7 | . . . 1 . . . . . . . 5 . . . . . . . . . 1 . . . . . . . . . . . . . . . . . . . Combat Hostiles 5 | . . . . . . . . . . . 5 . . . . . . . . . . . . . . . . . . . . . . . . . . . . . Parts Melted 47 | . 2 . 7 . . . . . . 2 18 . 2 . 1 . . . 1 . 9 . . . . . 1 . . . . . . . . 1 1 . 1 1 Heat Transferred 22724 | . 2442 87 2368 150 . . 1036 350 50 1050 4697 2100 600 300 250 250 . 150 50 507 2187 . 111 296 . . . . . . . . . 100 100 100 760 312 716 1605 Parts Sabotaged . | . . . . . . . . . . . . . . . . . . . . . . . . . . . . . . . . . . . . . . . . . Parts Stolen . | . . . . . . . . . . . . . . . . . . . . . . . . . . . . . . . . . . . . . . . . . Parts Stripped . | . . . . . . . . . . . . . . . . . . . . . . . . . . . . . . . . . . . . . . . . . Power Chain Reactions 36 | . . . . . . . . 5 1 3 2 . . 4 . 4 . . 2 1 2 . . . . . . . . . . . . 1 1 . 4 5 1 . Alert | -11 -10 -10 -9 -9 -9 -8 -8 -8 -8 -8 -7 -7 -7 -7 -7 -6 -6 -6 -6 -6 -6 -6 -6 -6 -5 -5 -5 -5 -5 -5 -4 -4 -4 -4 -4 -3 -3 -2 -1 -1 ------- Run | Yrd Mat Min Mat Min Exi Min Mat Gar Mat Gar Fac Was Fac Gar Fac Fac Was Fac Gar Fac Ext Cet Arc Hub Fac Was Fac Upp Upp Zhi Pro Fac Upp Upp War Pro Res Res Acc Com Maximum Alert Level 5 | . . 1 2 . . . . 3 1 3 3 1 1 4 2 1 . . 5 5 4 3 2 1 . . 2 . . . . 2 . . . . 2 3 2 4 Low Security (%) 34 | 100 100 67 28 100 . 100 100 35 69 11 . 84 72 7 . 19 100 100 5 . . . . 53 100 100 66 . . . . 1 . . . . 29 . . . Level 1 16 | . . 32 47 . . . . 21 30 11 8 15 27 15 . 80 . . 23 . . . 38 46 . . 12 . . . . 40 . . . . 19 19 . 8 Level 2 27 | . . . 24 . . . . 40 . 24 78 . . 22 100 . . . 9 . . . 61 . . . 20 . . . . 57 . . . . 51 39 100 36 Level 3 10 | . . . . . . . . 2 . 51 13 . . 29 . . . . 7 . 57 100 . . . . . . . . . . . . . . . 40 . 21 Level 4 7 | . . . . . . . . . . . . . . 25 . . . . 4 76 42 . . . . . . . . . . . . . . . . . . 34 Level 5 2 | . . . . . . . . . . . . . . . . . . . 48 23 . . . . . . . . . . . . . . . . . . . . High Security . | . . . . . . . . . . . . . . . . . . . . . . . . . . . . . . . . . . . . . . . . . Max Security . | . . . . . . . . . . . . . . . . . . . . . . . . . . . . . . . . . . . . . . . . . Peak Influence 2615 | 20 163 331 501 144 . 84 141 720 351 1096 755 227 284 1261 691 358 101 178 2615 1674 1387 914 442 385 170 38 442 . . . . 549 . . . . 484 898 628 1296 Initial 1372 | . . 34 97 56 . . . . 351 1 575 227 34 172 661 329 101 . 89 1372 803 748 349 127 170 38 . . . . . 162 . . . . . 225 536 371 Average 461 | 2 71 120 286 70 . 20 34 332 117 627 566 138 102 724 553 260 19 93 1368 1362 1047 835 403 218 115 8 125 . . . . 419 . . . . 281 620 584 794 Influence Increases 22038 | 50 493 403 1005 138 . 187 339 770 152 1165 1169 2 771 1169 472 380 . 229 2836 872 1209 346 215 411 282 . 726 105 110 10 130 865 290 300 315 255 812 1239 546 1270 Destroy 0b10 Robot/C 10180 | . 260 160 620 80 . 120 160 420 60 520 720 . 400 540 300 200 . 80 980 420 580 160 80 160 60 . 260 . 100 . 80 320 240 220 280 160 180 520 200 540 Destroy 0b10 Robot/NC 993 | 50 35 5 55 . . 15 48 . 30 . 55 . 35 55 10 20 . 5 5 40 40 10 40 55 20 . 60 . . 10 10 45 5 . 5 . 95 50 50 35 Destroy Leader 1688 | . 60 20 182 10 . 20 54 18 28 30 194 . 146 40 60 50 . 10 60 92 54 . . 48 26 . 36 . 10 . 10 58 30 20 . 20 42 82 56 122 Allied During Kill 1658 | . . 33 10 . . . . 10 . 15 . . . 11 . . . 95 969 6 293 140 44 12 . . . . . . . . . . . . . 20 . . Trap Triggered on 0b10 10 | . . . . . . . . . . . . . . . . . . . . . . . . . . . 10 . . . . . . . . . . . . . Successful Hack 904 | . 33 . 33 . . . 30 . 30 28 53 . 92 . 25 30 . 36 14 10 60 . . . 100 . 67 . . . . 49 . . . . 59 72 39 44 Select Force Hacks 50 | . . . . . . . . . . . . . . . . . . . . . . . . 50 . . . . . . . . . . . . . . . . Disable Machine 1164 | . 60 150 45 30 . . 12 12 . 15 60 . 15 30 30 30 . . 60 135 45 . 45 45 15 . 105 . . . . 15 . . . . 30 105 30 45 Anti-Garrison Action 1340 | . . . . . . . . 140 . 350 . . . 300 . . . . 400 . . . . . . . . . . . . . . . . . 150 . . . Destroy Structure 2094 | . 15 35 60 18 . 32 11 62 4 117 72 2 8 118 17 20 . 3 273 34 77 6 6 41 16 . 158 . . . . 168 . . . . 106 165 111 339 Advance Influence 150 | . . . . . . . . . . . . . . . . . . . . . . . . . . . . . . . . 150 . . . . . . . . Partial Spotted 150 | . . . . . . . . . . . . . . . . . . . 15 . . . . . 30 . 30 . . . . 15 . . . . 30 . 15 15 Lose Combat Pursuer 1557 | . 30 . . . . . 24 108 . 90 15 . 75 75 30 30 . . 60 135 60 30 . . 15 . . 105 . . 30 45 15 60 30 75 120 225 45 30 Miscellaneous 100 | . . . . . . . . . . . . . . . . . . . . . . . . . . . . . . . . . . . . . . . . 100 Influence Decreases 21083 | 50 403 242 1111 189 94 187 339 50 870 71 1616 602 573 155 1060 762 291 101 349 1846 1514 808 725 427 520 110 294 393 160 104 110 406 594 393 156 496 410 747 860 895 Entered New Map 8220 | . . 56 154 89 94 . . . 369 1 521 422 15 75 600 344 190 . 39 1243 838 588 525 237 178 72 . 161 28 94 . 8 178 34 82 241 . 177 358 209 Time Decay 10269 | 50 383 186 607 100 . 177 256 . 351 . 705 180 508 . 440 398 101 80 . 553 506 140 140 170 302 38 294 222 132 10 100 398 416 359 64 215 330 550 452 356 Lost Part 1020 | . 20 . 10 . . 10 20 30 . 70 40 . 50 80 20 20 . . 10 30 50 20 . . 30 . . 10 . . 10 . . . 10 40 70 . 50 320 Lost Ally 761 | . . . 40 . . . . 20 . . 50 . . . . . . 21 300 20 120 60 60 20 10 . . . . . . . . . . . 10 20 . 10 Purge Threat 813 | . . . 300 . . . 63 . 150 . 300 . . . . . . . . . . . . . . . . . . . . . . . . . . . . . Squads Dispatched 105 | . 3 . 2 . . . 2 . . . 15 . 11 . 3 4 . . . 11 5 . . 3 1 . 8 . . . . 6 . . . . 10 5 7 9 Investigation 22 | . 2 . . . . . . . . . 1 . 1 . . . . . . 1 1 . . 1 . . 2 . . . . 1 . . . . 4 2 3 3 Extermination 36 | . . . . . . . . . . . 7 . 6 . 1 2 . . . 3 . . . 1 1 . 4 . . . . 3 . . . . 1 . 4 3 Reinforcement 33 | . 1 . 2 . . . 1 . . . 4 . 4 . 2 2 . . . 2 2 . . 1 . . 2 . . . . 1 . . . . 5 3 . 1 Assault 12 | . . . . . . . . . . . 2 . . . . . . . . 5 2 . . . . . . . . . . 1 . . . . . . . 2 Garrison 2 | . . . . . . . 1 . . . 1 . . . . . . . . . . . . . . . . . . . . . . . . . . . . . Intercept . | . . . . . . . . . . . . . . . . . . . . . . . . . . . . . . . . . . . . . . . . . Searches Triggered . | . . . . . . . . . . . . . . . . . . . . . . . . . . . . . . . . . . . . . . . . . Construction Impeded 10 | . . . 1 . . . . . . . 1 . . . 1 2 . . . 1 1 . . 1 . . 1 . . . . . . . . . 1 . . . Haulers Reinforced 7 | . . . . . . . . . . . . . . . . . . . . 1 . . . . . . 1 . . . . . . . . . 2 3 . . Active Scanning Responses . | . . . . . . . . . . . . . . . . . . . . . . . . . . . . . . . . . . . . . . . . . Cargo Convoy Interrupts . | . . . . . . . . . . . . . . . . . . . . . . . . . . . . . . . . . . . . . . . . . Stealth | -11 -10 -10 -9 -9 -9 -8 -8 -8 -8 -8 -7 -7 -7 -7 -7 -6 -6 -6 -6 -6 -6 -6 -6 -6 -5 -5 -5 -5 -5 -5 -4 -4 -4 -4 -4 -3 -3 -2 -1 -1 --------- Run | Yrd Mat Min Mat Min Exi Min Mat Gar Mat Gar Fac Was Fac Gar Fac Fac Was Fac Gar Fac Ext Cet Arc Hub Fac Was Fac Upp Upp Zhi Pro Fac Upp Upp War Pro Res Res Acc Com Distress Signals 49 | . 2 . 2 . . . . . . . 2 . 3 . . 2 . . . 4 . 2 . 2 . . . . . . . 3 . . 2 . 8 7 4 6 Communications Jammed 3 | . . . . . . . . . . . . . . . . . . . . . . . . . . . . . . . . . . . . . . . 3 . Distress Signals 3 | . . . . . . . . . . . . . . . . . . . . . . . . . . . . . . . . . . . . . . . 3 . Times Spotted 749 | . 20 6 36 2 . 5 22 31 8 29 50 6 34 33 19 8 . 3 46 44 33 8 10 15 12 . 15 7 4 . 11 20 6 10 24 8 47 51 17 49 Peak Tracking Total 45 | . 3 3 4 3 . 3 6 5 3 6 5 4 4 5 3 5 . 3 6 12 5 5 2 4 4 . 5 4 6 . 5 6 4 7 11 4 13 10 2 45 Tactical Retreats 70 | . 2 . . . . . 2 5 . 5 1 . 3 4 2 1 . . 3 7 2 1 . . 2 . . 3 1 . 1 3 1 1 1 3 5 6 3 2 ECM-based Alert Blocks 4 | . . . . . . . . . . . . . . . . . . . . . . . . . 1 . . . 1 . 2 . . . . . . . . . Traps | -11 -10 -10 -9 -9 -9 -8 -8 -8 -8 -8 -7 -7 -7 -7 -7 -6 -6 -6 -6 -6 -6 -6 -6 -6 -5 -5 -5 -5 -5 -5 -4 -4 -4 -4 -4 -3 -3 -2 -1 -1 ------- Run | Yrd Mat Min Mat Min Exi Min Mat Gar Mat Gar Fac Was Fac Gar Fac Fac Was Fac Gar Fac Ext Cet Arc Hub Fac Was Fac Upp Upp Zhi Pro Fac Upp Upp War Pro Res Res Acc Com Traps Triggered 53 | . 1 . 2 . . . . 2 . 3 1 . 3 5 2 2 . . 13 6 9 . . 2 1 . . . . . . . . . . . . . 1 . Indirectly 15 | . . . . . . . . . . . . . . 4 . 1 . . 9 1 . . . . . . . . . . . . . . . . . . . . Trap Hack Attempts 16 | . . . . . . . . 8 . 1 7 . . . . . . . . . . . . . . . . . . . . . . . . . . . . . Triggered . | . . . . . . . . . . . . . . . . . . . . . . . . . . . . . . . . . . . . . . . . . Disarmed 14 | . . . 10 . . . . 1 . 1 2 . . . . . . . . . . . . . . . . . . . . . . . . . . . . . Reprogrammed 6 | . . . . . . . . . . . . . . . . . . . . . . . . . . . 6 . . . . . . . . . . . . . Reused 1 | . . . . . . . . . . . . . . . . . . . . . . . . . . . 1 . . . . . . . . . . . . . Traps Extracted 8 | . . . . . . . . . . . . . . . . . . . . . . . . . . . . . . . . . . . 8 . . . . . Installed . | . . . . . . . . . . . . . . . . . . . . . . . . . . . . . . . . . . . . . . . . . Triggered 1 | . . . . . . . . . . . . . . . . . . . . . . . . . . . 1 . . . . . . . . . . . . . Most Traps Carried 8 | . . . . . . . . . . . . . . . . . . . . . . . . . . . . . . . . . . . 8 8 8 8 8 8 Machines | -11 -10 -10 -9 -9 -9 -8 -8 -8 -8 -8 -7 -7 -7 -7 -7 -6 -6 -6 -6 -6 -6 -6 -6 -6 -5 -5 -5 -5 -5 -5 -4 -4 -4 -4 -4 -3 -3 -2 -1 -1 ---------- Run | Yrd Mat Min Mat Min Exi Min Mat Gar Mat Gar Fac Was Fac Gar Fac Fac Was Fac Gar Fac Ext Cet Arc Hub Fac Was Fac Upp Upp Zhi Pro Fac Upp Upp War Pro Res Res Acc Com Machines Disabled 101 | . 4 10 3 2 . . 1 2 . 6 4 . 1 6 2 2 . . 11 9 4 . 3 3 1 . 7 2 . . . 1 . 1 1 . 3 7 2 3 Max in Single Turn 6 | . 1 5 1 2 . . 1 1 . 1 2 . 1 1 2 1 . . 1 6 1 . 1 3 1 . 2 1 . . . 1 . 1 1 . 1 1 1 2 Garrison Access 12 | . . . . . . . . . . . 3 . 1 . . . . . . . . . . 1 . . 1 . . . . . . . . . 1 4 1 . Garrison Relay 15 | . . . . . . . . 1 . 5 . . . 4 . . . . 5 . . . . . . . . . . . . . . . . . . . . . Phase Generator 1 | . . . . . . . . . . . . . . . . . . . 1 . . . . . . . . . . . . . . . . . . . . . Network Hub 1 | . . . . . . . . . . . . . . . . . . . . . . . . 1 . . . . . . . . . . . . . . . . Machines Repaired . | . . . . . . . . . . . . . . . . . . . . . . . . . . . . . . . . . . . . . . . . . Machines Dismantled 1 | . . . . . . . . . . . . . . . . . . . . . . . . . . . . . . . . . . . 1 . . . . . Machines Sabotaged 1 | . . . . . . . . . . . . . . . . . . . . . . . . 1 . . . . . . . . . . . . . . . . Overloaded Fab Kills . | . . . . . . . . . . . . . . . . . . . . . . . . . . . . . . . . . . . . . . . . . Hacking | -11 -10 -10 -9 -9 -9 -8 -8 -8 -8 -8 -7 -7 -7 -7 -7 -6 -6 -6 -6 -6 -6 -6 -6 -6 -5 -5 -5 -5 -5 -5 -4 -4 -4 -4 -4 -3 -3 -2 -1 -1 --------- Run | Yrd Mat Min Mat Min Exi Min Mat Gar Mat Gar Fac Was Fac Gar Fac Fac Was Fac Gar Fac Ext Cet Arc Hub Fac Was Fac Upp Upp Zhi Pro Fac Upp Upp War Pro Res Res Acc Com Machines Accessed 189 | . 8 . 12 . 2 . 10 1 11 3 16 . 12 2 4 3 . 2 3 2 14 2 . 5 7 . 10 3 . 6 . 8 1 1 7 . 6 7 12 9 Terminals 125 | . 7 . 10 . . . 7 1 9 3 10 . 6 2 3 2 . 1 3 1 14 2 . 4 6 . 5 1 . . . 5 . 1 . . 2 4 7 9 Fabricators 3 | . . . . . . . . . . . 1 . . . . . . . . . . . . . . . . . . . . . . . . . 1 . 1 . Repair Stations 10 | . 1 . . . . . 1 . . . . . 1 . . . . . . 1 . . . . . . 3 . . . . 1 . . . . 1 . 1 . Recycling Units 6 | . . . 1 . . . . . 1 . . . 1 . 1 . . . . . . . . . 1 . . . . . . 1 . . . . . . . . Scanalyzers 12 | . . . 1 . . . 1 . . . 2 . 2 . . 1 . . . . . . . . . . 1 . . . . 1 . . . . 2 . 1 . Garrison Access 15 | . . . . . . . 1 . 1 . 3 . 2 . . . . 1 . . . . . 1 . . 1 . . . . . . . . . . 3 2 . Total Hacks 623 | . 24 . 42 . 5 . 38 1 33 10 57 . 38 3 14 18 . 4 6 7 26 7 . 12 45 . 39 8 . 19 . 25 1 7 22 . 25 36 32 19 Successful 333 | . 14 . 28 . 5 . 19 . 19 3 31 . 22 2 9 8 . 3 2 2 12 2 . 4 17 . 22 8 . 19 . 11 1 7 22 . 10 15 9 7 Failed 284 | . 10 . 13 . . . 18 1 13 7 25 . 16 1 5 10 . 1 4 5 14 5 . 8 28 . 17 . . . . 13 . . . . 14 21 23 12 Catastrophic 49 | . 2 . 1 . . . 3 1 2 . 3 . 2 1 1 3 . . 1 . 2 3 . 1 3 . 5 . . . . 2 . . . . 3 3 5 2 Database Lockouts 6 | . . . 1 . . . 1 . 1 . 1 . . . . . . . . . . . . . . . . . . . . 1 . . . . 1 . . . Manual 283 | . 23 . 22 . 1 . 25 . 28 2 34 . 21 1 12 12 . 2 . 4 4 . . 7 30 . 5 . . . . 19 . . . . 1 8 11 11 Terminals 427 | . 22 . 34 . . . 30 1 31 10 37 . 23 3 13 13 . 3 6 4 26 7 . 11 43 . 16 6 . . . 20 . 7 . . 2 27 13 19 Fabricators 8 | . . . . . . . . . . . 1 . . . . . . . . . . . . . . . . . . . . . . . . . 4 . 3 . Repair Stations 35 | . 2 . . . . . 2 . . . . . 5 . . . . . . 3 . . . . . . 9 . . . . 2 . . . . 7 . 5 . Recycling Units 9 | . . . 2 . . . . . 1 . . . 2 . 1 . . . . . . . . . 2 . . . . . . 1 . . . . . . . . Scanalyzers 62 | . . . 6 . . . 5 . . . 11 . 4 . . 5 . . . . . . . . . . 13 . . . . 2 . . . . 12 . 4 . Garrison Access 33 | . . . . . . . 1 . 1 . 8 . 4 . . . . 1 . . . . . 1 . . 1 . . . . . . . . . . 9 7 . Terminal Hacks 164 | . 6 . 13 . 5 . 5 . 7 3 4 . 6 2 2 1 . . 2 1 12 2 . 2 8 . 6 8 . 19 . 2 1 7 22 . 1 8 4 5 Record 36 | . . . 1 . 4 . . . . . . . . . . . . . . . . 2 . . . . . 7 . 7 . . . 7 6 . . . . 2 Part Schematic 7 | . . . . . . . . . . . . . . . . . . . . . . . . . 1 . . . . 4 . . . . . . . 2 . . Robot Analysis 10 | . 2 . . . . . 1 . 2 . . . . . . . . . . . . . . . . . . . . 4 . 1 . . . . . . . . Prototype ID Bank 25 | . . . 2 . . . 1 . . . . . 1 . . . . . . . . . . . 1 . . . . 4 . . . . 15 . . 1 . . Open Door 22 | . . . . . . . . . . 1 . . . 1 . . . . 1 . 12 . . . . . . 1 . . . . 1 . 1 . . . 3 1 Level Access Points 2 | . . . . . . . . . . . . . . . . . . . . . . . . . . . 1 . . . . . . . . . . 1 . . Branch Access Points 3 | . . . . . . . . . 1 . . . . . . . . . . 1 . . . . . . 1 . . . . . . . . . . . . . Emergency Access Points 2 | . . . . . . . . . . 1 . . . 1 . . . . . . . . . . . . . . . . . . . . . . . . . . Terminal Index 8 | . 1 . 1 . . . . . 1 . . . 1 . . 1 . . . . . . . . . . . . . . . . . . . . 1 1 1 . Fabricator Index 1 | . . . . . . . . . . . . . 1 . . . . . . . . . . . . . . . . . . . . . . . . . . . Repair Station Index 1 | . . . . . . . . . . . . . . . . . . . . . . . . . 1 . . . . . . . . . . . . . . . Scanalyzer Index 3 | . . . 1 . . . . . . . . . 1 . . . . . . . . . . . 1 . . . . . . . . . . . . . . . Alert Level 14 | . 1 . 1 . . . . . 1 . 2 . 2 . 1 . . . . . . . . 1 1 . 2 . . . . . . . . . . 1 . 1 Unreport Threat 7 | . . . 2 . . . 1 . 1 . 2 . . . . . . . . . . . . . . . . . . . . . . . . . . . . 1 Locate Traps 11 | . 2 . 2 . . . 2 . . . . . . . . . . . . . . . . . 2 . 1 . . . . . . . . . . 2 . . Disarm Traps 2 | . . . 2 . . . . . . . . . . . . . . . . . . . . . . . . . . . . . . . . . . . . . Reprogram Traps 1 | . . . . . . . . . . . . . . . . . . . . . . . . . . . 1 . . . . . . . . . . . . . Recall Extermination 1 | . . . . . . . . . . . . . . . . . . . . . . . . . 1 . . . . . . . . . . . . . . . Recall Assault 1 | . . . . . . . . . . . . . . . . . . . . . . . . . . . . . . . . 1 . . . . . . . . Zone Layout 4 | . . . 1 . . . . . 1 . . . . . 1 . . . . . . . . 1 . . . . . . . . . . . . . . . . Patrol Navigation 1 | . . . . . . . . . . 1 . . . . . . . . . . . . . . . . . . . . . . . . . . . . . . Security Stations 1 | . . . . . . . . . . . . . . . . . . . 1 . . . . . . . . . . . . . . . . . . . . . Proto ID Catalog 1 | . . . . . 1 . . . . . . . . . . . . . . . . . . . . . . . . . . . . . . . . . . . Fabricator Hacks 3 | . . . . . . . . . . . 1 . . . . . . . . . . . . . . . . . . . . . . . . . 2 . . . Network Status 1 | . . . . . . . . . . . 1 . . . . . . . . . . . . . . . . . . . . . . . . . . . . . Load Schematic 1 | . . . . . . . . . . . . . . . . . . . . . . . . . . . . . . . . . . . . . 1 . . . Build 1 | . . . . . . . . . . . . . . . . . . . . . . . . . . . . . . . . . . . . . 1 . . . Repair Station Hacks 24 | . 2 . . . . . 2 . . . . . 4 . . . . . . 1 . . . . . . 7 . . . . 2 . . . . 4 . 2 . Scan Component 13 | . 1 . . . . . 1 . . . . . 2 . . . . . . 1 . . . . . . 4 . . . . 1 . . . . 2 . 1 . Repair 11 | . 1 . . . . . 1 . . . . . 2 . . . . . . . . . . . . . 3 . . . . 1 . . . . 2 . 1 . Recycling Unit Hacks . | . . . . . . . . . . . . . . . . . . . . . . . . . . . . . . . . . . . . . . . . . Scanalyzer 34 | . . . 5 . . . 4 . . . 11 . 1 . . 3 . . . . . . . . . . 6 . . . . 1 . . . . 3 . . . Insert Component 7 | . . . 1 . . . . . . . 3 . 1 . . . . . . . . . . . . . 1 . . . . . . . . . 1 . . . Analyze 4 | . . . 1 . . . . . . . 3 . . . . . . . . . . . . . . . . . . . . . . . . . . . . . Retrieve Study 23 | . . . 3 . . . 4 . . . 5 . . . . 3 . . . . . . . . . . 5 . . . . 1 . . . . 2 . . . Garrison Access Hacks 14 | . . . . . . . 1 . 1 . 3 . 2 . . . . 1 . . . . . 1 . . 1 . . . . . . . . . . 3 1 . Unlock Access 4 | . . . . . . . 1 . 1 . . . 1 . . . . 1 . . . . . . . . . . . . . . . . . . . . . . Seal Access 10 | . . . . . . . . . . . 3 . 1 . . . . . . . . . . 1 . . 1 . . . . . . . . . . 3 1 . Unauthorized Hacks 94 | . 6 . 10 . . . 7 . 11 . 12 . 9 . 7 4 . 2 . . . . . 1 9 . 2 . . . . 6 . . . . . 4 2 2 Terminals 88 | . 6 . 9 . . . 7 . 10 . 12 . 8 . 6 4 . 2 . . . . . 1 8 . 2 . . . . 5 . . . . . 4 2 2 Track 2 | . . . 1 . . . . . 1 . . . . . . . . . . . . . . . . . . . . . . . . . . . . . . . Assimilate 13 | . . . . . . . . . 2 . 4 . 1 . 1 . . . . . . . . . 2 . . . . . . 1 . . . . . . . 2 Botnet 26 | . 1 . 2 . . . 2 . 2 . 2 . 2 . 2 2 . 1 . . . . . . 2 . 2 . . . . 2 . . . . . 2 2 . Skim 46 | . 5 . 6 . . . 5 . 5 . 6 . 5 . 3 2 . 1 . . . . . . 4 . . . . . . 2 . . . . . 2 . . Sabotage 1 | . . . . . . . . . . . . . . . . . . . . . . . . 1 . . . . . . . . . . . . . . . . Fabricators . | . . . . . . . . . . . . . . . . . . . . . . . . . . . . . . . . . . . . . . . . . Repair Stations . | . . . . . . . . . . . . . . . . . . . . . . . . . . . . . . . . . . . . . . . . . Recycling Units 6 | . . . 1 . . . . . 1 . . . 1 . 1 . . . . . . . . . 1 . . . . . . 1 . . . . . . . . Mask 6 | . . . 1 . . . . . 1 . . . 1 . 1 . . . . . . . . . 1 . . . . . . 1 . . . . . . . . Scanalyzers . | . . . . . . . . . . . . . . . . . . . . . . . . . . . . . . . . . . . . . . . . . Garrison Access . | . . . . . . . . . . . . . . . . . . . . . . . . . . . . . . . . . . . . . . . . . Data Cores Recovered 1 | . . . . . . . . . . . . . . . . . . . . . . . . 1 . . . . . . . . . . . . . . . . Used 1 | . . . . . . . . . . . . . . . . . . . . . . . . 1 . . . . . . . . . . . . . . . . Hacking Detections 122 | . 8 . 10 . . . 5 1 9 2 11 . 9 2 3 3 . 1 3 2 8 1 . 3 7 . 4 1 . . . 6 . 1 . . 5 3 6 8 Full Trace Events 13 | . 1 . 1 . . . . . . . 1 . 1 . . . . . . 1 1 . . . . . . . . . . 1 . . . . 1 1 2 2 Feedback Events . | . . . . . . . . . . . . . . . . . . . . . . . . . . . . . . . . . . . . . . . . . Feedback Blocked . | . . . . . . . . . . . . . . . . . . . . . . . . . . . . . . . . . . . . . . . . . Robot Schematics Acquired . | . . . . . . . . . . . . . . . . . . . . . . . . . . . . . . . . . . . . . . . . . Robots Built . | . . . . . . . . . . . . . . . . . . . . . . . . . . . . . . . . . . . . . . . . . Authchips . | . . . . . . . . . . . . . . . . . . . . . . . . . . . . . . . . . . . . . . . . . Time . | . . . . . . . . . . . . . . . . . . . . . . . . . . . . . . . . . . . . . . . . . Total Robot Build Rating . | . . . . . . . . . . . . . . . . . . . . . . . . . . . . . . . . . . . . . . . . . Part Schematics Acquired 10 | . . . 1 . . . . . . . 3 . . . . . . . . . . . . . 1 . . . . 4 . . . . . . . 1 . . Parts Built 1 | . . . . . . . . . . . . . . . . . . . . . . . . . . . . . . . . . . . . . 1 . . . Authchips . | . . . . . . . . . . . . . . . . . . . . . . . . . . . . . . . . . . . . . . . . . Time 36 | . . . . . . . . . . . . . . . . . . . . . . . . . . . . . . . . . . . . . 36 . . . Total Part Build Rating 3 | . . . . . . . . . . . . . . . . . . . . . . . . . . . . . . . . . . . . . 3 . . . Part Studies Acquired 23 | . . . 3 . . . 4 . . . 5 . . . . 3 . . . . . . . . . . 5 . . . . 1 . . . . 2 . . . Parts Repaired 11 | . 1 . . . . . 1 . . . . . 2 . . . . . . . . . . . . . 3 . . . . 1 . . . . 2 . 1 . Time 591 | . 26 . . . . . 38 . . . . . 134 . . . . . . . . . . . . . 213 . . . . 54 . . . . 101 . 25 . Parts Recycled . | . . . . . . . . . . . . . . . . . . . . . . . . . . . . . . . . . . . . . . . . . Recycled Matter . | . . . . . . . . . . . . . . . . . . . . . . . . . . . . . . . . . . . . . . . . . Retrieved Matter . | . . . . . . . . . . . . . . . . . . . . . . . . . . . . . . . . . . . . . . . . . Retrieved Components . | . . . . . . . . . . . . . . . . . . . . . . . . . . . . . . . . . . . . . . . . . Parts Scanalyzed 6 | . . . 1 . . . . . . . 3 . 1 . . . . . . . . . . . . . . . . . . . . . . . 1 . . . Part Schematics Acquired 4 | . . . 1 . . . . . . . 3 . . . . . . . . . . . . . . . . . . . . . . . . . . . . . Parts Damaged . | . . . . . . . . . . . . . . . . . . . . . . . . . . . . . . . . . . . . . . . . . Bothacking | -11 -10 -10 -9 -9 -9 -8 -8 -8 -8 -8 -7 -7 -7 -7 -7 -6 -6 -6 -6 -6 -6 -6 -6 -6 -5 -5 -5 -5 -5 -5 -4 -4 -4 -4 -4 -3 -3 -2 -1 -1 ------------ Run | Yrd Mat Min Mat Min Exi Min Mat Gar Mat Gar Fac Was Fac Gar Fac Fac Was Fac Gar Fac Ext Cet Arc Hub Fac Was Fac Upp Upp Zhi Pro Fac Upp Upp War Pro Res Res Acc Com Used RIF Installer . | . . . . . . . . . . . . . . . . . . . . . . . . . . . . . . . . . . . . . . . . . Robots Hacked . | . . . . . . . . . . . . . . . . . . . . . . . . . . . . . . . . . . . . . . . . . Non-combat . | . . . . . . . . . . . . . . . . . . . . . . . . . . . . . . . . . . . . . . . . . Combat . | . . . . . . . . . . . . . . . . . . . . . . . . . . . . . . . . . . . . . . . . . Robot Hacks Applied . | . . . . . . . . . . . . . . . . . . . . . . . . . . . . . . . . . . . . . . . . . Relay Couplers Released 73 | . . . . . . . . 4 . 21 3 . 3 17 . . . . 21 . . . . . . . . . . . . . . . . . 2 2 . . Machine Destruction 67 | . . . . . . . . 4 . 21 . . . 17 . . . . 21 . . . . . . . . . . . . . . . . . 2 2 . . Programmers 6 | . . . . . . . . . . . 3 . 3 . . . . . . . . . . . . . . . . . . . . . . . . . . . Fabnet Peak Effective % . | . . . . . . . . . . . . . . . . . . . . . . . . . . . . . . . . . . . . . . . . . Robots Rewired 16 | . . . . . . . . 1 . 2 . . . . . . . . 4 . 8 . . . . . . . . . . . . . . . . 1 . . Allies Hacked 2 | . . . . . . . . . . . 2 . . . . . . . . . . . . . . . . . . . . . . . . . . . . . Hacks Repelled 1 | . . . . . . . . . . . . . . . . . . . . . . . . . . . . . . . . . . . . . 1 . . . Allies | -11 -10 -10 -9 -9 -9 -8 -8 -8 -8 -8 -7 -7 -7 -7 -7 -6 -6 -6 -6 -6 -6 -6 -6 -6 -5 -5 -5 -5 -5 -5 -4 -4 -4 -4 -4 -3 -3 -2 -1 -1 -------- Run | Yrd Mat Min Mat Min Exi Min Mat Gar Mat Gar Fac Was Fac Gar Fac Fac Was Fac Gar Fac Ext Cet Arc Hub Fac Was Fac Upp Upp Zhi Pro Fac Upp Upp War Pro Res Res Acc Com Total Allies 66 | . . 4 . . . . . 1 1 2 4 . . 1 . . 20 . 6 . 23 . . . 1 . . . . . . 1 . . . . . 1 . 1 Largest Group 20 | . . 4 3 . . . . 1 1 3 3 . . 1 . . 20 20 18 3 11 11 7 1 1 . . . . . . 1 1 1 1 1 1 1 . 1 Highest-Rated Group 730 | . . 71 40 . . . . 15 10 69 85 . . 20 . . 699 699 730 81 470 336 206 39 26 . . . . . . 10 10 10 10 10 10 90 . 45 Highest-Rated Ally 159 | . . 31 16 . . . . 15 10 39 39 . . 20 . . 50 50 50 27 159 39 39 39 26 . . . . . . 10 10 10 10 10 10 90 . 45 Initial Warlord ECA Mod 30 | . . . . . . . . . 5 5 13 13 13 13 21 20 20 20 20 30 30 30 30 30 29 29 29 29 29 29 28 28 28 28 28 27 27 26 25 25 Total Orders 43 | . . . . . . . . 1 . 12 11 . . . . . . . . . . . . 1 3 . . . . . . 2 2 3 2 6 . . . . STAY 24 | . . . . . . . . 1 . 6 6 . . . . . . . . . . . . 1 2 . . . . . . 1 1 2 1 3 . . . . FOLLOW 19 | . . . . . . . . . . 6 5 . . . . . . . . . . . . . 1 . . . . . . 1 1 1 1 3 . . . . Ally Attacks 465 | . . 12 10 . . . . 13 . 1 8 . . . . . 3 26 191 . 103 28 19 19 . . . . . . . . . . . . . 32 . . Total Damage 12903 | . . 72 120 . . . . 253 . 17 199 . . . . . 99 406 6998 . 2199 583 258 294 . . . . . . . . . . . . . 1405 . . Kills 83 | . . 2 . . . . . 5 . 1 1 . . . . . 1 3 34 . 16 5 2 7 . . . . . . . . . . . . . 6 . . Allies Corrupted . | . . . . . . . . . . . . . . . . . . . . . . . . . . . . . . . . . . . . . . . . . Allies Melted 3 | . . . . . . . . . . . . . . . . . . . . . 1 . . . . . . . . . . . . . . . . 1 . 1 Intel | -11 -10 -10 -9 -9 -9 -8 -8 -8 -8 -8 -7 -7 -7 -7 -7 -6 -6 -6 -6 -6 -6 -6 -6 -6 -5 -5 -5 -5 -5 -5 -4 -4 -4 -4 -4 -3 -3 -2 -1 -1 ------- Run | Yrd Mat Min Mat Min Exi Min Mat Gar Mat Gar Fac Was Fac Gar Fac Fac Was Fac Gar Fac Ext Cet Arc Hub Fac Was Fac Upp Upp Zhi Pro Fac Upp Upp War Pro Res Res Acc Com Active Infowar (turns) 16707 | 19 1385 663 916 216 294 699 62 . . . . . . . . . 2 . . . . . . 244 607 . 1364 477 520 115 342 951 1000 1138 543 796 1037 1586 1128 603 Optics 1669 | . . . 398 216 294 699 62 . . . . . . . . . . . . . . . . . . . . . . . . . . . . . . . . . Sensors 2956 | . . . . . . . . . . . . . . . . . . . . . . . . . . . . . . . . 64 1000 1138 237 517 . . . . IFF 332 | . . . . . . . . . . . . . . . . . . . . . . . . . . . . 332 . . . . . . . . . . . . Terrain 11232 | 19 1385 663 518 . . . . . . . . . . . . . . . . . . . . 244 607 . 1364 461 520 36 342 951 1000 315 502 796 269 713 527 . Decoding 606 | . . . . . . . . . . . . . . . . . . . . . . . . . . . . . . . . . . . . 484 122 . . . T.N.C. 368 | . . . . . . . . . . . . . . . . . . . . . . . . . . . . . . . . . . . . . 368 . . . Machine Analysis 1954 | . . . . . . . . . . . . . . . . . . . . . . . . . . . . . . . . . . . . . 915 1039 . . Triangulation 25 | . . . . . . . . . . . . . . . . . . . . . . . . . . . 25 . . . . . . . . . . . . . Cloaking 4 | . . . . . . . . . . . . . . . . . 2 . . . . . . . . . . . . . . . . 2 . . . . . . Jamming 1938 | . . . . . . . . . . . . . . . . . . . . . . . . . . . . . . . . . . . . . . 207 1128 603 ECM 361 | . . . . . . . . . . . . . . . . . . . . . . . . . 30 . . . 58 115 158 . . . . . . . . . Robot Analysis Total 10 | . 2 . . . . . 1 . 2 . . . . . . . . . . . . . . . . . . . . 4 . 1 . . . . . . . . Derelict Logs Recovered 11 | . . 3 . . . . . . . . . . . . . . . . . . . . . . . . . 2 2 . 1 . 2 1 . . . . . . Drone Launches . | . . . . . . . . . . . . . . . . . . . . . . . . . . . . . . . . . . . . . . . . . Drone Recoveries . | . . . . . . . . . . . . . . . . . . . . . . . . . . . . . . . . . . . . . . . . . Decoded 0b10 Intel 3 | . . . . . . . . . . . . . . . . . . . . . . . . . . . . . . . . . . . . . 3 . . . Guards 3 | . . . . . . . . . . . . . . . . . . . . . . . . . . . . . . . . . . . . . 3 . . . Exploration | -11 -10 -10 -9 -9 -9 -8 -8 -8 -8 -8 -7 -7 -7 -7 -7 -6 -6 -6 -6 -6 -6 -6 -6 -6 -5 -5 -5 -5 -5 -5 -4 -4 -4 -4 -4 -3 -3 -2 -1 -1 ------------- Run | Yrd Mat Min Mat Min Exi Min Mat Gar Mat Gar Fac Was Fac Gar Fac Fac Was Fac Gar Fac Ext Cet Arc Hub Fac Was Fac Upp Upp Zhi Pro Fac Upp Upp War Pro Res Res Acc Com Turns Passed 38129 | 272 1400 663 1978 216 294 699 1192 1237 1015 1385 3096 378 2021 1314 1093 942 572 210 1229 1604 1368 295 298 356 673 215 1382 477 520 154 352 953 1000 1138 573 803 1037 1586 1128 1011 Spaces Moved 30043 | 63 711 397 980 154 215 452 663 468 427 591 2115 207 977 688 575 508 234 141 731 896 795 190 146 221 726 335 1909 836 483 158 372 1278 1291 1213 831 1072 1039 2501 1571 883 Core 18 | . . . . . . . . . . . . . . . . . . . . . . . . . . . . . . . . . . . . . . . . 18 Treads 3292 | . 555 397 873 . . . 93 184 69 148 9 . 54 . 360 323 94 . 5 86 . . . . . . . . . . . . . . . . . . . 42 Legs 219 | 63 156 . . . . . . . . . . . . . . . . . . . . . . . . . . . . . . . . . . . . . . . Wheels 9767 | . . . 107 154 215 452 570 284 358 443 2106 207 923 688 215 185 140 141 726 810 795 190 58 . . . . . . . . . . . . . . . . . Hover 16747 | . . . . . . . . . . . . . . . . . . . . . . . 88 221 726 335 1909 836 483 158 372 1278 1291 1213 831 1072 1039 2501 1571 823 Flight . | . . . . . . . . . . . . . . . . . . . . . . . . . . . . . . . . . . . . . . . . . Fastest Speed 32 | 120 120 160 135 135 135 135 135 135 135 135 105 115 115 115 130 105 120 120 120 120 120 120 102 102 48 53 32 32 32 32 32 32 48 48 36 33 33 48 48 50 Average Speed 89 | 120 151 160 166 135 135 135 149 170 160 157 118 128 137 124 148 143 172 120 120 132 120 120 109 102 51 56 42 37 35 54 32 46 48 79 46 47 58 48 51 61 Slowest Speed 250 | 120 160 160 240 135 135 135 240 210 206 200 200 130 240 130 160 160 250 120 250 250 135 120 186 102 102 102 105 105 102 102 32 103 48 103 103 166 166 48 108 170 Overloaded Moves 230 | . . . . . . . . . . . . . . . . . . . . . . . . . . . . . . . . . . . . 175 55 . . . Propulsion Burnouts . | . . . . . . . . . . . . . . . . . . . . . . . . . . . . . . . . . . . . . . . . . Robots Hopped . | . . . . . . . . . . . . . . . . . . . . . . . . . . . . . . . . . . . . . . . . . Potential Cave-ins 2 | . . . . . . . . . . . . . . . . . . . . . . . . . . . . . . . . . . . . . . . 2 . Cave-ins Triggered 1 | . . . . . . . . . . . . . . . . . . . . . . . . . . . . . . . . . . . . . . . 1 . Exploration Rate (%) 58 | 3 90 93 85 31 63 80 55 42 55 87 55 77 34 68 19 10 92 4 75 25 84 68 89 26 15 95 43 89 58 62 65 31 93 83 89 96 37 60 33 35 Regions Visited 40 Branch Regions 17 Pre-discovered Areas 15 | . 2 . 3 . 1 . 1 . . . 1 . . . . . . . . . . . . . . . . 1 1 3 . . 1 1 . . . . . . Known Exits Taken 22 | . . 1 1 . . 1 1 . 1 . . . 1 . 1 . . 1 . 1 1 . . 1 . . 1 1 . . 1 1 1 1 1 1 1 1 1 . Unknown Exits Taken 8 | 1 1 . . 1 1 . . . . . . . . . . . . . . . . 1 1 . . . . . 1 1 . . . . . . . . . . Scrap Searched 15 | . . 3 . . . 1 . . . . . . . . . . . . . . . . . . . . . 2 2 . 1 . 2 1 . 3 . . . . Spaces Dug 429 | . . 20 43 . . . . 4 1 . 66 3 8 13 7 8 . 3 22 15 6 . . 6 8 . 32 4 4 . 4 17 1 7 2 31 19 35 32 8 Terrain Destroyed 1623 | . 14 44 67 22 . 43 11 19 4 6 76 3 8 23 17 20 . 3 102 34 117 . 2 35 8 . 84 4 22 . 64 101 92 65 115 85 57 60 38 158 Melee 265 | . . . . . . . . 4 1 . 6 3 8 13 7 8 . 3 13 15 6 . . 6 8 . 32 4 4 . 4 17 1 7 2 3 19 32 31 8 Projectile 28 | . . . . . . . . . . . . . . . . . . . . 1 5 . 2 8 . . . . . . . . . . 4 3 . . 5 . AOE 1330 | . 14 44 67 22 . 43 11 15 3 6 70 . . 10 10 12 . . 89 18 106 . . 21 . . 52 . 18 . 60 84 91 58 109 79 38 28 2 150 Terrain Rammed . | . . . . . . . . . . . . . . . . . . . . . . . . . . . . . . . . . . . . . . . . . Walls Destroyed . | . . . . . . . . . . . . . . . . . . . . . . . . . . . . . . . . . . . . . . . . . Machines Disabled . | . . . . . . . . . . . . . . . . . . . . . . . . . . . . . . . . . . . . . . . . . Actions | -11 -10 -10 -9 -9 -9 -8 -8 -8 -8 -8 -7 -7 -7 -7 -7 -6 -6 -6 -6 -6 -6 -6 -6 -6 -5 -5 -5 -5 -5 -5 -4 -4 -4 -4 -4 -3 -3 -2 -1 -1 --------- Run | Yrd Mat Min Mat Min Exi Min Mat Gar Mat Gar Fac Was Fac Gar Fac Fac Was Fac Gar Fac Ext Cet Arc Hub Fac Was Fac Upp Upp Zhi Pro Fac Upp Upp War Pro Res Res Acc Com Total 38371 | 198 938 417 1187 158 220 521 803 732 722 882 2529 266 1516 927 745 682 359 175 941 1195 1104 244 242 304 968 363 2354 989 822 219 594 1569 1631 1357 975 1344 1362 2774 1796 1247 Wait 4908 | 97 137 10 31 . . 45 56 131 264 108 202 19 389 33 79 120 66 21 58 181 75 27 47 18 177 . 305 142 332 49 207 203 302 105 65 225 148 125 116 193 Move 30009 | 62 710 397 979 153 214 451 662 467 427 590 2115 206 977 686 574 508 233 140 730 895 794 189 145 221 726 334 1908 835 482 157 371 1277 1290 1212 830 1071 1038 2500 1570 883 Hop . | . . . . . . . . . . . . . . . . . . . . . . . . . . . . . . . . . . . . . . . . . Pick Up 231 | . 15 2 23 . 3 1 11 3 5 . 24 3 9 9 6 8 5 2 . 5 9 3 4 2 3 9 12 1 . 2 1 8 1 3 4 6 13 12 3 1 Fast Attach 186 | 1 5 . 7 . . . 4 2 2 . 10 1 14 5 4 4 4 1 1 2 14 4 5 . 5 4 6 1 . 2 . 2 . 1 10 2 28 8 11 16 Attach 131 | . 1 . 3 . . 1 5 4 . 5 7 . 9 9 4 1 5 1 . 1 7 2 2 1 3 2 7 . 2 . 4 6 1 1 4 7 6 6 4 10 Detach 51 | . . . . . . . 2 . . . 1 . 3 1 2 . 1 1 . . 4 . 1 . 2 2 6 . . 1 3 2 . 1 1 1 10 1 3 2 Swap 278 | . 9 . 30 2 . 4 10 6 5 16 26 4 3 10 2 5 8 . 5 9 14 3 5 5 4 1 9 3 . 3 . 13 7 6 11 7 11 9 6 7 Drop 312 | . 11 . 27 . 3 . 14 8 3 . 23 6 10 10 7 7 11 3 . 4 16 5 5 2 7 11 16 1 . 2 . 10 1 5 12 4 31 21 6 10 Fire 1196 | 38 50 6 86 3 . 19 39 87 15 108 107 24 20 34 41 16 . 2 49 44 55 11 13 20 1 . 10 . 2 . 4 19 24 15 26 15 18 49 34 92 Melee 774 | . . . . . . . . 7 1 4 7 3 74 121 18 13 26 4 55 47 16 . 15 9 40 . 75 6 4 3 4 29 5 8 4 6 59 41 43 27 Ram 3 | . . . . . . . . . . . . . . . . . . . . 1 . . . . . . . . . . . . . . . . . . . 2 Kick . | . . . . . . . . . . . . . . . . . . . . . . . . . . . . . . . . . . . . . . . . . Crush 3 | . . 2 1 . . . . . . . . . . . . . . . . . . . . . . . . . . . . . . . . . . . . . Escape Stasis 133 | . . . . . . . . 2 . 10 . . 8 9 8 . . . 8 6 56 . . 26 . . . . . . . . . . . . . . . . Rewire 132 | . . . . . . . . 7 . 40 . . . . . . . . 35 . 44 . . . . . . . . . . . . . . . . 2 . 4 Trap 16 | . . . . . . . . 8 . 1 7 . . . . . . . . . . . . . . . . . . . . . . . . . . . . . Miscellaneous 8 | . . . . . . . . . . . . . . . . . . . . . . . . . . . . . . . . . . . 8 . . . . . Route ------- -11/Scrapyard -10/Materials (discovered 5 exits: *Mat x3 / [*Min x2]) -10/Mines (discovered 3 exits: *Mat x2 / [*Sub]) -9/Materials (discovered 5 exits: *Mat x3 / *Min x2) -9/Mines -9/Exiles (discovered 2 exits: [*Min x2]) -8/Mines -8/Materials (discovered 4 exits: *Fac / *Sto x2 / Gar) -8/Garrison -8/Materials (discovered 6 exits: *Fac x3 / Sto x2 / Gar) -8/Garrison (discovered 3 exits: *Fac x3) -7/Factory (discovered 6 exits: *Fac x4 / *Low x2) -7/Waste -7/Factory (discovered 5 exits: *Fac x3 / *Low / Gar) -7/Garrison (discovered 2 exits: *Fac x2) -7/Factory -6/Factory -6/Waste -6/Factory -6/Garrison (discovered 2 exits: *Fac x2) -6/Factory (discovered 5 exits: *Fac / *Low x2 / *Ext x2) -6/Extension (discovered 2 exits: *Fac / *Cet) -6/Cetus (discovered 2 exits: *Fac / [*Arc]) -6/Archives (discovered 3 exits: *Fac / *Hub x2) -6/Hub_04(d) (discovered 2 exits: *Fac x2) -5/Factory -5/Waste -5/Factory (discovered 6 exits: *Fac x4 / *Upp x2) -5/Upper Caves -5/Upper Caves -5/Zhirov -4/Proximity Caves -4/Factory (discovered 3 exits: *Res x2 / *Upp) -4/Upper Caves -4/Upper Caves (discovered 2 exits: *Res / *War) -4/Warlord -3/Proximity Caves -3/Research (discovered 4 exits: *Res x2 / Arm / Qua) -2/Research (discovered 4 exits: *Acc x3 / *Tes) -1/Access -1/Command History --------- Turn | Location | Event 1 | -11/Scrapyard | Discovered new exit (range 3) 273 | -11/Scrapyard | Entered Materials 274 | -10/Materials | Met a group of wandering Federalists 279 | -10/Materials | Discovered new exit (range 15) 313 | -10/Materials | Build established: Mutant 403 | -10/Materials | Discovered new exit (range 5) 544 | -10/Materials | Discovered new exit (range 8) 857 | -10/Materials | Discovered new exit (range 11) 1117 | -10/Materials | Discovered new exit (range 14) 1253 | -10/Materials | Learned Storage trap positions 1271 | -10/Materials | Learned location of Subcaves (-10) 1272 | -10/Materials | Learned 2 Mines zone layouts 1273 | -10/Materials | Learned 2 Mines zone layouts 1297 | -10/Materials | Learned Storage emergency access door positions 1612 | -10/Materials | Repaired Lgt. Treads 1673 | -10/Materials | Entered Mines 1674 | -10/Mines | Identified exit to Materials 1715 | -10/Mines | Assisted by bots powering up and referring to "LRC-V3" 1819 | -10/Mines | Learned location of 1 exit from Materials 1835 | -10/Mines | Received a Mining Laser from a helpful Derelict 1915 | -10/Mines | YI-UF0 nonchalantly dropped a Grenade Launcher on the ground 2065 | -10/Mines | Discovered new exit (range 8) 2113 | -10/Mines | Learned location of 1 exit from Materials 2336 | -10/Mines | Entered Materials 2336 | -9/Materials | Accompanied by 3 allies 2336 | -9/Materials | Evolved 2 slots: Utility x2 2337 | -9/Materials | Identified exit to Materials 2337 | -9/Materials | Identified exit to Mines 2687 | -9/Materials | Discovered exit to Materials (range 14) 2722 | -9/Materials | Build established: Scavenger-Mutant 3005 | -9/Materials | Discovered exit to Mines (range 16) 3027 | -9/Materials | Central database locked down 3550 | -9/Materials | Learned location of Zion (-7) 3591 | -9/Materials | Learned location of 1 exit from Storage 4154 | -9/Materials | Build established: Mutant 4314 | -9/Materials | Entered Mines 4341 | -9/Mines | Deemed a non-threat by the Exiles lab entrance 4343 | -9/Mines | Discovered new exit (range 5) 4483 | -9/Mines | Assembled infested the area 4530 | -9/Mines | Entered Exiles 4549 | -9/Exiles | Discovered new exit (range 18) 4581 | -9/Exiles | Met 8R-AWN 4601 | -9/Exiles | Met EX-HEX 4639 | -9/Exiles | Met EX-BIN 4654 | -9/Exiles | Aligned with FarCom system 4655 | -9/Exiles | Given EX-Vault access code 4686 | -9/Exiles | Opened EX-Vault 4697 | -9/Exiles | Found 0b10 Alert Chip 4723 | -9/Exiles | Warned to stay clear of 0b10 Research branches 4756 | -9/Exiles | Met EX-DEC 4806 | -9/Exiles | Discovered new exit (range 14) 4824 | -9/Exiles | Left Exiles lab with 0b10 Alert Chip 4824 | -9/Exiles | Entered Mines 4833 | -8/Mines | Discovered exit to Materials (range 8) 5523 | -8/Mines | Entered Materials 5523 | -8/Materials | Evolved 2 slots: Propulsion x1, Utility x1 5524 | -8/Materials | Identified exit to Storage 5587 | -8/Materials | Discovered exit to Storage (range 5) 5807 | -8/Materials | Garrison activated, responded to threat 6238 | -8/Materials | Discovered new exit (range 5) 6280 | -8/Materials | Central database locked down 6494 | -8/Materials | Learned Factory fabricator intel 6545 | -8/Materials | Learned location of 1 exit from Storage 6553 | -8/Materials | Repaired Arm. Treads+ 6585 | -8/Materials | Learned 2 Lower Caves zone layouts 6613 | -8/Materials | Learned Factory stockpile data 6630 | -8/Materials | Learned location of 1 exit from Lower Caves 6639 | -8/Materials | Learned location of 1 exit from Storage 6658 | -8/Materials | Learned location of 1 exit from Storage 6713 | -8/Materials | Identified exit to Garrison 6715 | -8/Materials | Entered Garrison 6829 | -8/Garrison | Triggered checkpoint 6985 | -8/Garrison | Triggered checkpoint 7004 | -8/Garrison | Garrison Relay disabled 7095 | -8/Garrison | Triggered checkpoint 7172 | -8/Garrison | Triggered checkpoint 7192 | -8/Garrison | Triggered checkpoint 7282 | -8/Garrison | Spotted B-75 Beast 7284 | -8/Garrison | Spotted B-75 Beast 7504 | -8/Garrison | Triggered checkpoint 7701 | -8/Garrison | Triggered checkpoint 7865 | -8/Garrison | Discovered new exit (range 14) 7933 | -8/Garrison | Spotted B-75 Beast 7933 | -8/Garrison | Spotted B-75 Beast 7952 | -8/Garrison | Entered Materials 7953 | -8/Materials | Identified exit to Factory 8487 | -8/Materials | Discovered exit to Factory (range 8) 8492 | -8/Materials | Central database locked down 8628 | -8/Materials | Learned 4 Factory zone layouts 8688 | -8/Materials | Learned Storage garrison access intel 8780 | -8/Materials | Learned Factory stockpile data 8812 | -8/Materials | Learned location of 1 exit from Extension 8909 | -8/Materials | Learned 4 Factory zone layouts 8967 | -8/Materials | Identified exit to Garrison 8967 | -8/Materials | Entered Garrison 8967 | -8/Garrison | Accompanied by 1 ally 8993 | -8/Garrison | Triggered checkpoint 9022 | -8/Garrison | Garrison Relay disabled 9054 | -8/Garrison | Garrison Relay disabled 9337 | -8/Garrison | Triggered checkpoint 9412 | -8/Garrison | Triggered checkpoint 9443 | -8/Garrison | Triggered checkpoint 9635 | -8/Garrison | Garrison Relay disabled 9685 | -8/Garrison | Discovered exit to Factory (range 12) 9892 | -8/Garrison | Discovered exit to Factory (range 9) 9930 | -8/Garrison | Garrison Relay disabled 10099 | -8/Garrison | Triggered checkpoint 10276 | -8/Garrison | Garrison Relay disabled 10316 | -8/Garrison | Discovered exit to Factory (range 12) 10352 | -8/Garrison | Entered Factory 10352 | -7/Factory | Accompanied by 3 allies 10352 | -7/Factory | Evolved 2 slots: Propulsion x1, Utility x1 10353 | -7/Factory | Identified exit to Factory 10355 | -7/Factory | Build established: Hacker-Mutant 10355 | -7/Factory | Loaded intel: 6 fabricator locations 10672 | -7/Factory | Discovered new exit (range 11) 11024 | -7/Factory | Build established: Scientist-Mutant 11152 | -7/Factory | First assault squad dispatched 11244 | -7/Factory | Destroyed 8 combat bots 11606 | -7/Factory | Central database locked down 11670 | -7/Factory | Watched by a mysterious "MATRIX" hacker. 11935 | -7/Factory | Discovered exit to Factory (range 13) 12130 | -7/Factory | Build established: Hacker-Mutant 12404 | -7/Factory | P-60 Hacker assimilated allied Administrator 4c 12408 | -7/Factory | Garrison activated, responded to threat 13044 | -7/Factory | Learned 4 Factory zone layouts 13170 | -7/Factory | Learned location of 1 exit from Lower Caves 13215 | -7/Factory | Learned 4 Upper Caves zone layouts 13274 | -7/Factory | Loaded intel: 4 garrison access locations 13310 | -7/Factory | Identified exit to Lower Caves 13448 | -7/Factory | Sucked down chute 13448 | -7/Factory | Entered Waste 13449 | -7/Waste | Identified exit to Factory 13485 | -7/Waste | Spotted C-40 Crusher 13523 | -7/Waste | Spotted C-40 Crusher 13553 | -7/Waste | Destroyed C-40 Crusher 13602 | -7/Waste | Destroyed C-40 Crusher 13651 | -7/Waste | Spotted C-40 Crusher 13691 | -7/Waste | Spotted C-40 Crusher 13758 | -7/Waste | Spotted C-40 Crusher 13792 | -7/Waste | Spotted C-40 Crusher 13806 | -7/Waste | Crushed by Compactor (0 parts destroyed, 2 dropped) 13826 | -7/Waste | Entered Factory 13896 | -7/Factory | Discovered exit to Lower Caves (range 15) 14345 | -7/Factory | Discovered exit to Factory (range 11) 14532 | -7/Factory | Repaired Mic. Fission Core? 14634 | -7/Factory | Repaired Broken Linear Gravjet 15732 | -7/Factory | Learned location of 1 exit from Hub_04(d) 15778 | -7/Factory | Learned location of 1 exit from Hub_04(d) 15815 | -7/Factory | Learned Factory emergency access door positions 15847 | -7/Factory | Identified exit to Garrison 15847 | -7/Factory | Entered Garrison 16136 | -7/Garrison | Triggered checkpoint 16179 | -7/Garrison | Garrison Relay disabled 16190 | -7/Garrison | Garrison Relay disabled 16305 | -7/Garrison | Triggered checkpoint 16315 | -7/Garrison | Triggered checkpoint 16389 | -7/Garrison | Triggered checkpoint 16415 | -7/Garrison | Core integrity fell below 50% 16451 | -7/Garrison | Lost 3 parts (1p2u) 16529 | -7/Garrison | Garrison Relay disabled 16590 | -7/Garrison | Discovered new exit (range 12) 16657 | -7/Garrison | Rescued a captive Derelict 16732 | -7/Garrison | Triggered checkpoint 16828 | -7/Garrison | Garrison Relay disabled 16845 | -7/Garrison | Discovered new exit (range 8) 17064 | -7/Garrison | Attempted to access garrison exit controls, blocked by remote lockdown 17161 | -7/Garrison | Entered Factory 17907 | -7/Factory | Core integrity fell below 20% 17952 | -7/Factory | Discovered exit to Factory (range 13) 18254 | -7/Factory | Entered another Factory area 18254 | -6/Factory | Evolved 2 slots: Propulsion x1, Utility x1 19196 | -6/Factory | Sucked down chute 19196 | -6/Factory | Entered Waste 19197 | -6/Waste | Joined by Warlord forces that had cleared the area 19409 | -6/Waste | Found Fusion Bomb Launcher 19536 | -6/Waste | A Compactor rumbled back to life 19536 | -6/Waste | Allies destroyed C-40 Crusher 19627 | -6/Waste | Discovered new exit (range 12) 19768 | -6/Waste | Entered Factory 19768 | -6/Factory | Accompanied by 20 allies 19957 | -6/Factory | Identified exit to Garrison 19978 | -6/Factory | Entered Garrison 19978 | -6/Garrison | Accompanied by 17 allies 19990 | -6/Garrison | Triggered checkpoint 20014 | -6/Garrison | Triggered checkpoint 20059 | -6/Garrison | Garrison Relay disabled 20062 | -6/Garrison | Lost 4 allies 20224 | -6/Garrison | Rescued a captive Derelict 20227 | -6/Garrison | Rescued a captive Derelict 20257 | -6/Garrison | Learned Factory security intel 20338 | -6/Garrison | Triggered checkpoint 20408 | -6/Garrison | Garrison Relay disabled 20442 | -6/Garrison | Phase Generator disabled 20502 | -6/Garrison | Triggered checkpoint 20509 | -6/Garrison | Triggered checkpoint 20511 | -6/Garrison | Spotted B-75 Beast 20521 | -6/Garrison | Allies destroyed B-75 Beast 20549 | -6/Garrison | Triggered checkpoint 20565 | -6/Garrison | Triggered checkpoint 20618 | -6/Garrison | Triggered checkpoint 20638 | -6/Garrison | Triggered checkpoint 20653 | -6/Garrison | Garrison Relay disabled 20737 | -6/Garrison | Lost 3 allies 20844 | -6/Garrison | Discovered new exit (range 11) 20945 | -6/Garrison | Spotted B-75 Beast 20963 | -6/Garrison | Allies destroyed B-75 Beast 20997 | -6/Garrison | Garrison Relay disabled 21038 | -6/Garrison | Triggered checkpoint 21041 | -6/Garrison | Garrison Relay disabled 21122 | -6/Garrison | Discovered new exit (range 14) 21143 | -6/Garrison | Lost 3 allies 21207 | -6/Garrison | Entered Factory 21207 | -6/Factory | Accompanied by 3 allies 21371 | -6/Factory | Discovered new exit (range 11) 21386 | -6/Factory | Identified exit to Lower Caves 21406 | -6/Factory | Discovered new exit (range 9) 22257 | -6/Factory | First assault squad dispatched 22369 | -6/Factory | Identified exit to Extension 22811 | -6/Factory | Entered Extension 22812 | -6/Extension | Identified exit to Cetus 22932 | -6/Extension | Core integrity fell below 50% 23115 | -6/Extension | Rescued a captive Derelict 23145 | -6/Extension | Rescued a captive Derelict 23157 | -6/Extension | Rescued a captive Derelict 23161 | -6/Extension | First assault squad dispatched 23179 | -6/Extension | Rescued A7 23325 | -6/Extension | Rescued a captive Derelict 23326 | -6/Extension | Rescued a captive Derelict 23379 | -6/Extension | Rescued a captive Derelict 23547 | -6/Extension | Spotted B-75 Beast 23566 | -6/Extension | Allies destroyed B-75 Beast 23568 | -6/Extension | Spotted B-75 Beast 23582 | -6/Extension | Allies destroyed B-75 Beast 23591 | -6/Extension | Extracted ID and sensor layout for unrecognized location from A7's data core 23614 | -6/Extension | Lost 6 allies 23694 | -6/Extension | Rescued a captive Derelict 23695 | -6/Extension | Rescued a captive Derelict 23756 | -6/Extension | Rescued a captive Derelict 23810 | -6/Extension | Rescued a captive Derelict 23816 | -6/Extension | Rescued a captive Derelict 23817 | -6/Extension | Rescued a captive Derelict 23885 | -6/Extension | Build established: Scavenger-Mutant 24085 | -6/Extension | Rescued a captive Derelict 24097 | -6/Extension | Rescued a captive Derelict 24101 | -6/Extension | Rescued a captive Derelict 24142 | -6/Extension | Discovered new exit (range 10) 24179 | -6/Extension | Entered Cetus 24179 | -6/Cetus | Accompanied by 11 allies 24196 | -6/Cetus | Spotted Cetus Guard 24196 | -6/Cetus | Spotted Cetus Guard 24199 | -6/Cetus | Spotted Cetus Guard 24201 | -6/Cetus | Spotted Cetus Guard 24206 | -6/Cetus | Allies destroyed Cetus Guard 24210 | -6/Cetus | Allies destroyed Cetus Guard 24213 | -6/Cetus | Allies destroyed Cetus Guard 24214 | -6/Cetus | Allies destroyed Cetus Guard 24330 | -6/Cetus | Discovered new exit (range 15) 24365 | -6/Cetus | Spotted Cetus Guard 24365 | -6/Cetus | Spotted Cetus Guard 24369 | -6/Cetus | Spotted Cetus Guard 24376 | -6/Cetus | Destroyed Cetus Guard 24377 | -6/Cetus | Spotted Cetus Guard 24379 | -6/Cetus | Allies destroyed Cetus Guard 24380 | -6/Cetus | Destroyed Cetus Guard 24381 | -6/Cetus | Destroyed Cetus Guard 24388 | -6/Cetus | Discovered new exit (range 15) 24394 | -6/Cetus | Met Revision 17 24471 | -6/Cetus | Build established: Hacker-Mutant 24474 | -6/Cetus | Entered Archives 24474 | -6/Archives | Accompanied by 7 allies 24534 | -6/Archives | Lost 3 allies 24574 | -6/Archives | Discovered new exit (range 14) 24679 | -6/Archives | Discovered new exit (range 13) 24737 | -6/Archives | Discovered new exit (range 16) 24772 | -6/Archives | Entered Hub_04(d) 24772 | -6/Hub_04(d) | Accompanied by 1 ally 24773 | -6/Hub_04(d) | Identified exit to Factory 25059 | -6/Hub_04(d) | Network Hub disabled 25128 | -6/Hub_04(d) | Entered Factory 25128 | -5/Factory | Evolved 2 slots: Propulsion x1, Utility x1 25434 | -5/Factory | Spotted B-75 Beast 25801 | -5/Factory | Sucked down chute 25801 | -5/Factory | Entered Waste 25801 | -5/Waste | The area was eerily silent 25921 | -5/Waste | Found Unknown Launcher 25921 | -5/Waste | Identified Gamma Bomb Array 25988 | -5/Waste | Discovered new exit (range 12) 26016 | -5/Waste | Entered Factory 26117 | -5/Factory | Build established: Hacker-Scout 26320 | -5/Factory | Targeted by mysterious "MATRIX" hacker. 26588 | -5/Factory | Identified exit to Factory 26668 | -5/Factory | Repaired Centrium Medium Armor Plating 26737 | -5/Factory | Repaired Com. HERF Cannon 26898 | -5/Factory | Found Prototype Launcher 26898 | -5/Factory | Identified Mni. Smartbomb Launcher 26915 | -5/Factory | Discovered new exit (range 7) 27104 | -5/Factory | Identified exit to Upper Caves 27180 | -5/Factory | Repaired Cmb. Linear Gravjet? 27398 | -5/Factory | Entered Upper Caves 27429 | -5/Upper Caves | Met a Warlord Commander 27430 | -5/Upper Caves | Learned location of Warlord (-4) 27431 | -5/Upper Caves | Warlord Commander delivered Encrypted Comm Array 27487 | -5/Upper Caves | Entered a destroyed Warlord outpost 27489 | -5/Upper Caves | Identified exit to Upper Caves 27541 | -5/Upper Caves | Learned Factory garrison access intel 27816 | -5/Upper Caves | Learned location of 1 exit from Research 27816 | -5/Upper Caves | Learned 8 Factory zone layouts 27816 | -5/Upper Caves | Learned 8 Research zone layouts 27875 | -5/Upper Caves | Entered another Upper Caves area 27970 | -5/Upper Caves | Spotted B-75 Beast 28156 | -5/Upper Caves | Build established: Hacker-Sprinter 28382 | -5/Upper Caves | Discovered new exit (range 13) 28395 | -5/Upper Caves | Entered Zhirov 28395 | -5/Zhirov | Discovered new exit (range 3) 28417 | -5/Zhirov | Met Zhirov 28450 | -5/Zhirov | Learned location of Quarantine (-3) 28450 | -5/Zhirov | Learned location of Testing (-2) 28450 | -5/Zhirov | Learned location of Command (-1) 28452 | -5/Zhirov | Zhirov requested help retrieving the SGEMP Prototype 28484 | -5/Zhirov | Found Alien Artifact 28484 | -5/Zhirov | Identified Integrated Dissipator 28484 | -5/Zhirov | Installed Integrated Dissipator, increased core heat dissipation (+20) 28549 | -5/Zhirov | Entered Proximity Caves 28809 | -4/Proximity Caves | Spotter reported a threat 28814 | -4/Proximity Caves | Learned location of 1 exit from Research 28900 | -4/Proximity Caves | Discovered exit to Factory (range 3) 28901 | -4/Proximity Caves | Entered Factory 28901 | -4/Factory | Evolved 2 slots: Power x1, Utility x1 28903 | -4/Factory | Loaded intel: 4 garrison access locations 29154 | -4/Factory | Discovered new exit (range 16) 29379 | -4/Factory | Discovered new exit (range 15) 29390 | -4/Factory | Identified exit to Upper Caves 29401 | -4/Factory | First assault squad dispatched 29592 | -4/Factory | Repaired Centrium Medium Armor Plating 29699 | -4/Factory | Central database locked down 29748 | -4/Factory | Discovered new exit (range 6) 29750 | -4/Factory | Build established: Hacker-Scout 29751 | -4/Factory | Identified exit to Research 29854 | -4/Factory | Entered Upper Caves 29854 | -4/Upper Caves | Accompanied by 1 ally 30356 | -4/Upper Caves | Attracted the attention of an 0b10 checkpoint 30443 | -4/Upper Caves | Learned location of 1 exit from Research 30466 | -4/Upper Caves | Discovered new exit (range 5) 30468 | -4/Upper Caves | Identified exit to Upper Caves 30854 | -4/Upper Caves | Entered another Upper Caves area 30854 | -4/Upper Caves | Accompanied by 1 ally 30855 | -4/Upper Caves | Identified exit to Warlord 30892 | -4/Upper Caves | Discovered exit to Research (range 8) 31013 | -4/Upper Caves | Attracted the attention of an 0b10 checkpoint 31155 | -4/Upper Caves | Found DCF Scrap (13 items) 31460 | -4/Upper Caves | Build established: Hacker-Mutant 31923 | -4/Upper Caves | Attracted the attention of an 0b10 base 31926 | -4/Upper Caves | Learned 8 Factory zone layouts 31926 | -4/Upper Caves | Learned Research trap positions 31926 | -4/Upper Caves | Learned Extension security intel 31926 | -4/Upper Caves | Learned Extension terminal intel 31992 | -4/Upper Caves | Entered Warlord 31992 | -4/Warlord | Accompanied by 1 ally 32006 | -4/Warlord | Discovered new exit (range 9) 32173 | -4/Warlord | Visited the Vortex Lab 32175 | -4/Warlord | Warlord's base attacked by MAIN.C 32177 | -4/Warlord | Found Prototype Energy Gun 32177 | -4/Warlord | Identified Vortex Rifle 32181 | -4/Warlord | Found Vortex Rifle 32273 | -4/Warlord | Met Warlord 32338 | -4/Warlord | Found Exp. Targeting Computer 32342 | -4/Warlord | Found Prototype Reactor 32342 | -4/Warlord | Identified Vortex Chain Reactor 32375 | -4/Warlord | Build established: Hacker-Scout 32390 | -4/Warlord | Found Prototype Ballistic Cannon 32390 | -4/Warlord | Identified Hvy. Autocannon 32448 | -4/Warlord | Warlord forces counterattacked 32465 | -4/Warlord | Lost 4 allies 32544 | -4/Warlord | Destroyed 12 combat bots 32560 | -4/Warlord | Identified exit to Proximity Caves 32565 | -4/Warlord | Entered Proximity Caves 32565 | -3/Proximity Caves | Accompanied by 1 ally 32627 | -3/Proximity Caves | Lost 4 parts (1p2n1w) 32804 | -3/Proximity Caves | Attracted the attention of an 0b10 checkpoint 33352 | -3/Proximity Caves | Spotted B-86 Titan 33359 | -3/Proximity Caves | Discovered exit to Research (range 6) 33368 | -3/Proximity Caves | Entered Research 33368 | -3/Research | Accompanied by 1 ally 33368 | -3/Research | Evolved 2 slots: Propulsion x1, Utility x1 33369 | -3/Research | Identified exit to Research 33369 | -3/Research | Identified exit to Armory 33369 | -3/Research | Identified exit to Quarantine 33371 | -3/Research | Loaded intel: 69 trap records 33485 | -3/Research | Found Prototype Device 33485 | -3/Research | Identified Exp. Focal Shield 33568 | -3/Research | Revision forces began assault on 0b10 33629 | -3/Research | Met up with Revision 17++ 33676 | -3/Research | P-80 Master assimilated allied Revision 33700 | -3/Research | Lost 4 parts (2n2u) 33700 | -3/Research | Lost 5 allies 33745 | -3/Research | Spotted B-86 Titan 33776 | -3/Research | Destroyed Revision 17++ 33828 | -3/Research | Central database locked down 33833 | -3/Research | Lost 8 allies 33870 | -3/Research | Discovered exit to Research (range 15) 34060 | -3/Research | Found Prototype Launcher 34060 | -3/Research | Identified Adv. Micro-nuke Launcher 34064 | -3/Research | Found Faulty Adv. Micro-nuke Launcher 34066 | -3/Research | Found Adv. Micro-nuke Launcher 34068 | -3/Research | Research terminal network offline 34075 | -3/Research | Fabricated System Shield? 34113 | -3/Research | Found Adv. Micro-nuke Launcher 34212 | -3/Research | Repaired Centrium Medium Armor Plating 34254 | -3/Research | Found Prototype Processor 34254 | -3/Research | Identified Spectral Analyzer 34329 | -3/Research | Repaired Broken Antigrav Array 34405 | -3/Research | Build established: Hacker-Mutant 34405 | -3/Research | Entered another Research area 34405 | -2/Research | Warlord forces began assault on 0b10 34405 | -2/Research | Evolved 2 slots: Propulsion x1, Weapon x1 34430 | -2/Research | Distinguished unit "Lucky Slug" dispatched to help 34430 | -2/Research | Distinguished unit "Smaug Mourners" dispatched to help 34430 | -2/Research | Identified exit to Access 34515 | -2/Research | Research machine network offline 34619 | -2/Research | Spotted B-90 Cyclops 34770 | -2/Research | Destroyed 7 combat bots 34822 | -2/Research | Borebot progress halted 34896 | -2/Research | Spotted Striker 34901 | -2/Research | Destroyed Striker 35003 | -2/Research | Spotted K9-VXH(L) 35022 | -2/Research | Rewired K9-VXH(L) 35060 | -2/Research | Met up with Warlord 35061 | -2/Research | Lost 4 allies 35118 | -2/Research | Spotted Executioner 35119 | -2/Research | Spotted Executioner 35152 | -2/Research | Discovered new exit (range 4) 35154 | -2/Research | Identified exit to Testing 35431 | -2/Research | Spotted B-90 Cyclops 35440 | -2/Research | Destroyed B-90 Cyclops 35446 | -2/Research | Found Quantum Capacitor 35472 | -2/Research | Spotted B-90 Cyclops 35576 | -2/Research | Build established: Hacker-Scout 35592 | -2/Research | Spotted Striker 35696 | -2/Research | Spotted Executioner 35738 | -2/Research | Spotted Striker 35751 | -2/Research | Destroyed Striker 35909 | -2/Research | Given Cave Seal Controls access code 35942 | -2/Research | Spotted Striker 35948 | -2/Research | Destroyed Striker 35991 | -2/Research | Entered Access 35991 | -1/Access | Evolved 2 slots: Utility x2 36056 | -1/Access | Repaired Imp. Heavy Armor Plating 36078 | -1/Access | Build established: Hacker-Ninja 36373 | -1/Access | Discovered new exit (range 8) 36376 | -1/Access | Identified exit to Command 36518 | -1/Access | Crushed by falling debris 36518 | -1/Access | System corruption reached 10% 36549 | -1/Access | Lost 3 parts (3u) 36817 | -1/Access | Build established: Trapper-Mutant 37119 | -1/Access | Entered Command 37445 | -1/Command | Disengaged cave seal 37446 | -1/Command | Welcomed Warlord to Command 37585 | -1/Command | Disengaged cave seal 37585 | -1/Command | Derelicts emerged from the dark tunnel 37598 | -1/Command | Destroyed 7 combat bots 37619 | -1/Command | First assault squad dispatched 37683 | -1/Command | Spotted B-99 Colossus 37690 | -1/Command | Destroyed B-99 Colossus 37698 | -1/Command | Found Prototype Processor 37698 | -1/Command | Identified Exp. Melee Analysis Suite 37745 | -1/Command | Spotted M Guard 37746 | -1/Command | Spotted M Guard 37746 | -1/Command | Spotted Combat Programmer 37749 | -1/Command | Spotted Combat Programmer 37766 | -1/Command | Warlord commented on Warlord statues 37786 | -1/Command | Combat Programmer assimilated allied PI-UPG(g) 37789 | -1/Command | All MAIN.C guards destroyed 37805 | -1/Command | Lost 3 parts (1p1n1u) 37808 | -1/Command | Lost 6 allies 37894 | -1/Command | Met MAIN.C 37896 | -1/Command | Warlord shut down involuntarily 37919 | -1/Command | 0b10 Conduit disabled 37933 | -1/Command | MAIN.C activated Command garrisons 37963 | -1/Command | Lost 3 allies 38008 | -1/Command | Core integrity fell below 50% 38050 | -1/Command | Core integrity fell below 20% 38093 | -1/Command | Lost 19 allies 38096 | -1/Command | Lost 26 parts (3p5n9u9w) 38129 | -1/Command | System corruption reached 30% 38130 | -1/Command | Destroyed by P-80 Master with Gamma Rifle Last Messages --------------- 38112_ RPG intercepted. 38113_ 5A6DE0VL=%YFGACIVWYFFG%IN 38117_ E-15 Imp destroyed. 38117_ C-57 Dissector knocked back. 38117_ Acquired 27 matter. 38122_ Dropped Bore Cannon. 38125_ Particle Gun destroyed. 38126_ Cmb. Antigrav System destroyed. 38128_ Imp. Medium Treads destroyed. 38129_ Hvy. Beamcaster severed. Map ----- +----------------------------------------------------+ | ?????????????????????????????????????????????????? | | ?????????????????????????????????????????????????? | | ?????????????????????????????????????????????????? | | ?????????????????????????????????????????????????? | | ?????????????????????????????????????????????????? | | ?????????????????????????????????????????????????? | | ?????????????????????????????????????????????????? | | ?????????????????????????????????????????????????? | | ?????????????????????????????????????????????????? | | ?????????????????????????????????????????????????? | | ?????????????????????????????????????????????????? | | ?????????????????????????????????????????????????? | | ?????????????????????????????????????????????????? | | ?????????????????????????????????????????????????? | | ?????????????????????????????????????????????????? | | ???????????????#####################?????????????? | | ???????????????"""""" """" * #?????????????? | | ???????????????" " ! #?????????????? | | ?????????????#""""" "" ############### | | ?????????????#""""""" """ *=%[]%* | | ?????????????#" " """! p / !==*= | | ?????????????#"" "" !!%[ psspp / %![%/ | | ?????????????#"" " *|== %% ss############### | | ?????????????# " ""%!!|%%*%!| #?????????????? | | ?????????????# % |%!%!||=%% #?????????????? | | ?????????????# !*=%%@%|%% ""#?????????????? | | ?????????????#""""" =%c%!]%! ""#?????????????? | | ?????????????#"" %% c%|!%% """#?????????????? | | ?????????????# !%[!%!% " " "#?????????????? | | ?????????????# % !%%% " #?????????????? | | ?????????????# #?????????????? | | ?????????????" "" #?????????????? | | ?????????????" " """" #?????????????? | | ?????????????" " " #?????????????? | | ?????????????# " % """"" " #?????????????? | | ?????????????# " "" " "" """?#?????????????? | | ?????????????# """ " " ????????????????? | | ?????????????#####################???????????????? | | ?????????????????????????????????????????????????? | | ?????????????????????????????????????????????????? | | ?????????????????????????????????????????????????? | | ?????????????????????????????????????????????????? | | ?????????????????????????????????????????????????? | | ?????????????????????????????????????????????????? | | ?????????????????????????????????????????????????? | | ?????????????????????????????????????????????????? | | ?????????????????????????????????????????????????? | | ?????????????????????????????????????????????????? | | ?????????????????????????????????????????????????? | | ?????????????????????????????????????????????????? | +----------------------------------------------------+ Best States ------------- Heat Dissipation 110 Coolant Potential 50 Energy Generation 45 Energy Capacity 600 Matter Stores 300 Matter Capacity 300 Sight Range 20 Robot Scan Range 16 Terrain Scan Range 20 Terrain Scan Density 110 ECM Strength 1 Jamming Range 16 Cloak Strength 2 Power Amplification 30 Additional Mass Support 9 Armor Coverage 1650 Resistance: KI 30 Resistance: TH 15 Point Defense Rating 80 Evasion (%) 68 Targeting Accuracy 36 Melee Accuracy 12 Target Analysis 8 Core Analysis 9 Recoil Reduction 4 Salvage Targeting 4 Offensive Hacking 46 Defensive Hacking 34 Trap Extractor Capacity 8 Item Schematics ----------------- Com. Wheel | -9/Materials | Scanalyzed System Shield | -7/Factory | Scanalyzed Adv. Targeting Computer | -7/Factory | Scanalyzed Imp. Heat Sink | -7/Factory | Scanalyzed Adv. Variable Charge Gun | -5/Factory | Hacked Assault Drone Bay | -5/Zhirov | Free Exp. Heat Sink | -5/Zhirov | Free Exp. Optical Array | -5/Zhirov | Free Imp. Arc Thrower | -5/Zhirov | Free Mining Laser | -2/Research | Hacked Robot Schematics ------------------ None Fabricated ------------ System Shield | x1 | -3/Research Repaired ---------- Lgt. Treads | 20% | -10/Materials Arm. Treads | 55% | -8/Materials Mic. Fission Core | 10% | -7/Factory Linear Gravjet | 9% | -7/Factory | Broken Centrium Medium Armor Plating | 10% | -5/Factory Com. HERF Cannon | 15% | -5/Factory Cmb. Linear Gravjet | 19% | -5/Factory Centrium Medium Armor Plating | 51% | -4/Factory Centrium Medium Armor Plating | 6% | -3/Research Antigrav Array | 99% | -3/Research | Broken Imp. Heavy Armor Plating | 13% | -1/Access Studied --------- Com. Wheel | -9/Materials | Hacked Lgt. Treads | -9/Materials | Hacked Rocket Launcher | -9/Materials | Hacked Arm. Treads | -8/Materials | Hacked Imp. Treads | -8/Materials | Hacked Hvy. Hammer | -8/Materials | Hacked Imp. Ion Engine | -8/Materials | Hacked Plasma Cannon | -7/Factory | Hacked EM Pulse Cannon | -7/Factory | Hacked Nuclear Core | -7/Factory | Hacked Lgt. Nuclear Core | -7/Factory | Hacked Proton Missile Launcher | -7/Factory | Hacked Linear Gravjet | -6/Factory | Hacked Arm. Huge Wheel | -6/Factory | Hacked Mic. Nuclear Core | -6/Factory | Hacked Gravmag Array | -5/Factory | Hacked Cmb. Gravmag System | -5/Factory | Hacked Imp. Gravmag System | -5/Factory | Hacked Antigrav System | -5/Factory | Hacked Power Sword | -5/Factory | Hacked Com. HERF Cannon | -4/Factory | Hacked Cmb. Linear Gravjet | -3/Research | Hacked Lgt. Antimatter Reactor | -3/Research | Hacked Alien Tech Used ----------------- Integrated Dissipator Achievements -------------- Betrayal Most Foul Botjacking Bullet Installation Fancy Inventory Hackathon Hydra Into The Breach Let Me Out Of Here Look Less Dangerous Next Time My Bad Off Switch Oppo Buddy Plot Armor Recruitment Drive Showdown Tank Life Thread The Needle Around The Corner We Love MA Welcome To The Revolution Challenges ------------ None Game ------ Seed InsulationMetafiberTracker Manual? 0 Play Time 07:32:19 Cumulative 323.2 hours Start 2026.03.07 @ 09:29:45 End 2026.03.09 @ 13:33:45 Sessions 23 Manual Loads 0 Difficulty Rogue Special Mode None Game No. 267 Rogue 231 Adventurer 36 Explorer 0 Win Type - Total 4 Types 2/0/0/1/0/0/0/1/0/0 Lore% 59 Gallery% 61 Achievement% 42 Wizard Run 0 Options --------- Layout 1 ASCII 0 Keyboard 0 Movement Numpad Keybinds 0 Fullscreen 1 Font 48/Smallcaps Map View 50x35 Zoom Use 0% Tactical HUD 1 Map Filters NONE Filters NONE Steam 1 RUN: 1b0647f7-6add-40db-bf86-00b9e0ff52f8